Workbook
Name OLE_LINK1: 'Agency Approval'!#REF!
Name OLE_LINK2: 'Agency Approval'!#REF!
Name OLE_LINK4: 'General Instructions'!#REF!

Sheet General Instructions
B1: State of Illinois -- Uniform Budget Template -- General Instructions
B3: This form is used to apply to individual State of Illinois discretionary grant programs. Applicants should submit budgets based upon the total estimated costs for the project including all funding sources. Pay attention to applicable program specific instructions, if attached. The applicant organization should refer to 2 CFR 200, “Uniform Administrative Requirements, Cost Principles, and Audit Requirements for Federal Awards” cited within these instructions.
B5: You must consult with your Business Office prior to submitting this form for any award restrictions, limitations or requirements when filling out the narrative and Uniform Budget Template.
B6: Section A – Budget Summary
B7: STATE OF ILLINOIS FUNDS
B8: All applicants must complete Section A and provide a break-down by the applicable budget categories shown in lines 1-17. Please read all instructions before completing form.
B9: STATE OF ILLINOIS GRANT FUNDS
B10: Provide a total requested State of Illinois Grant amount for each year in the Revenue portion of Section A. The amount entered in Line (a) will equal the total amount budgeted on Line 18 of Section A.
B11: BUDGET SUMMARY – STATE OF ILLINOIS FUNDS
B12: All applicants must complete Section A and provide a break-down by the applicable budget categories shown in lines 1-17.
B14: Line 18: Show the total budget request for each fiscal year for which funding is requested.
B16: Please use detail worksheet and narrative section for further descriptions and explanations of budgetary line items
... B90: (e) The Federal/State awarding agency may, at its option, restrict the transfer of funds among direct cost categories or programs, functions and activities for Federal/State awards in which the Federal/State share of the project exceeds the Simplified Acquisition Threshold and the cumulative amount of such transfers exceeds or is expected to exceed 10 percent or $1,000 per detail line item, whichever is greater of the total budget as last approved by the Federal/State awarding agency. The Federal/State awarding agency cannot permit a transfer that would cause any Federal/State appropriation to be used for purposes other than those consistent with the appropriation.

Sheet Section A
A1: STATE OF ILLINOIS | B1: UNIFORM GRANT BUDGET TEMPLATE | E1: Commerce & Economic Opportunity
A2: Organization Name: | C2: UEI# | E2: NOFO # | F2: 3432-2872 | G2: Please type in the light blue highlighted cells
A3: CSFA Number: | B3: 420-75-3432 | C3: CSFA Description: | D3: CDBG-CV Rural Shelter | E3: Fiscal Year: | F3: 2025
A4: S E C T I O N A -- STATE OF ILLINOIS FUNDS | E4: Grant #
A5: Revenues | E5: TOTAL REVENUE
A6: (a). State of Illinois Grant Amount Requested | E6: =+E38 -> 0
A7: BUDGET SUMMARY STATE OF ILLINOIS FUNDS
A8: Budget Expenditure Categories | C8: OMB Uniform Guidance Federal Awards Reference 2 CFR 200 | E8: TOTAL EXPENDITURES
A9: 1. Personnel (Salaries & Wages) | C9: 200.43 | E9: =+Personnel!G136 -> 236148.42
A10: 2. Fringe Benefits | C10: 200.431 | E10: =+'Fringe Benefits'!E135 -> 144914.1
A11: 3. Travel | C11: 200.474 | E11: =+Travel!G135 -> 2351048.1
A12: 4. Equipment | C12: 200.439 | E12: =+'Equipment '!D135 -> 1943126.1
A13: 5. Supplies | C13: 200.94 | E13: =+Supplies!D134 -> 1242318.5
A14: 6. Contractual Services & Subawards | C14: 200.318 & 200.92 | E14: =+'Contractual Services'!C137 -> 0
A15: 7. Consultant (Professional Services) | C15: 200.459 | E15: =+Consultant!G407+Consultant!G134 -> 5626502.4
A16: 8. Construction | E16: =+'Construction '!C134 -> 0
A17: 9. Occupancy (Rent & Utilities) | C17: 200.465 | E17: =+'Occupancy '!F135 -> 16800314
A18: 10. Research & Development (R&D) | C18: 200.87 | E18: =+'R & D '!C134 -> 1334706.5
A19: 11. Telecommunications | E19: =+'Telecommunications '!F135 -> 1784482.9
A20: 12. Training & Education | C20: 200.472 | E20: =+'Training & Education'!F135 -> 24625971
A21: 13. Direct Administrative costs | C21: 200.413 ( c) | E21: =+'Direct Administrative '!G135 -> 518555.95
A22: 14. Miscellaneous Costs | E22: =+'Miscellaneous (other) Costs '!F135 -> 0
A23: =+'15A'!$A$2&'15A'!$B$2 -> 15A.Acquisition | E23: =+'15A'!F$136 -> 0
A24: =+'15B'!$A$2&'15B'!$B$2 -> 15B.GRANT EXCLUSIVE LINE ITEM | E24: =+'15B'!F$136 -> 16872492
A25: =+'15C'!$A$2&'15C'!$B$2 -> 15C.GRANT EXCLUSIVE LINE ITEM | E25: =+'15C'!F$136 -> 25991444
A26: =+'15D'!$A$2&'15D'!$B$2 -> 15D.GRANT EXCLUSIVE LINE ITEM | E26: =+'15D'!F$136 -> 17065828
A27: =+'15E'!$A$2&'15E'!$B$2 -> 15E.GRANT EXCLUSIVE LINE ITEM | E27: =+'15E'!F$136 -> 15688303
A28: =+'15F'!$A$2&'15F'!$B$2 -> 15F.GRANT EXCLUSIVE LINE ITEM | E28: =+'15F'!F$136 -> 26725021
A29: =+'15G'!$A$2&'15G'!$B$2 -> 15G.GRANT EXCLUSIVE LINE ITEM | E29: =+'15G'!F$136 -> 24022719
A30: =+'15H'!$A$2&'15H'!$B$2 -> 15H.GRANT EXCLUSIVE LINE ITEM | E30: =+'15H'!F$136 -> 21434453
A31: =+'15I'!$A$2&'15I'!$B$2 -> 15I.GRANT EXCLUSIVE LINE ITEM | E31: =+'15I'!F$136 -> 8849434.5
A32: =+'15J'!$A$2&'15J'!$B$2 -> 15J.GRANT EXCLUSIVE LINE ITEM | E32: =+'15J'!F$136 -> 24162821
A33: =+'15K'!$A$2&'15K'!$B$2 -> 15K.GRANT EXCLUSIVE LINE ITEM | E33: =+'15K'!F$136 -> 17762201
A34: 16. Total Direct Costs (lines 1-15) | C34: 200.413 | E34: =SUBTOTAL(109,E9:F33) -> 0
A35: 17. Indirect Costs* (see below) | C35: 200.414 | E35: =+'Indirect Costs '!D8 -> 0
A36: Rate:
A37: Base:
A38: 18. Total Costs State Grant Funds (16 &17) | E38: =(E34+E35) -> 0

Sheet ICI
B1: Organization Name: | F1: =+'Section A'!B2 -> 0 | M1: NOFO # | O1: =+'Section A'!F2 -> 3432-2872
B2: SECTION - A (continued) Indirect Cost Rate Information
C3: If your organization is requesting reimbursement for indirect costs on line 17 of the Budget Summary, please select one of the following options.
B5: 1) | E5: Our Organization receives direct Federal funding and currently has a Negotiated Indirect Cost Rate Agreement (NICRA) with our Federal Cognizant Agency. A copy of this agreement will be provided to the State of Illinois’ Indirect Cost Unit for review and documentation before reimbursement is allowed. This NICRA will be accepted by all State of Illinois Agencies up to any statutory, rule-based or programmatic restrictions or limitations. | T5: To select an option - highlight the box and drop down the shape fill box on the drawing tools ribbon. you can either select a fill color or you can fill with texture, choose more textures and pick a checkmark from clipart.
E6: NOTE: (If this option is selected, please provide basic Negotiated Indirect Cost Rate Agreement information in area designated below)
B8: Your Organization may not have a Federally Negotiated Indirect Cost Rate Agreement. Therefore, in order for your Organization to be reimbursed for Indirect Costs from the State of Illinois, your Organization must either: | T8: Complete the Negotiated Indirect Cost Rate Agreement information below if Option (1) or (2a) is selected
C9: A. | D9: Negotiate an Indirect Cost Rate with the State of Illinois’ Indirect Cost Unit with guidance from your State Cognizant Agency on an annual basis.
C10: B. | D10: Elect to use the de minimis rate of 10% modified total direct cost (MTDC) which may be used indefinitely on State of Illinois Awards.
C11: C. | D11: Use a Restricted Rate designated by programmatic or statutory policy. (See Notice of Funding Opportunity for Restricted Rate Programs)
B13: 2a) | E13: Our Organization currently has a Negotiated Indirect Cost Rate Agreement with the State of Illinois that will be accepted by all State of Illinois Agencies up to any statutory, rule-based or programmatic restrictions or limitations. Our Organization is required to submit a new Indirect Cost Rate Proposal to the Indirect Cost Unit within six (6) months after the close of each fiscal year (2 CFR 200 Appendix IV (C)(2)(c).
E14: NOTE: (If this option is selected, please provide basic Indirect Cost Rate information in area designated below)
B15: 2b) | E15: Our Organization currently does not have a Negotiated Indirect Cost Rate Agreement with the State of Illinois. Our Organization will submit our initial Indirect Cost Rate Proposal (ICRP) immediately after our Organization is advised that the State award will be made and, in no event, later than three (3) months after the effective date of the State award (2 CFR 200 Appendix IV (C)(2)(b). The initial ICRP will be sent to the State of Illinois’ Indirect Cost Unit.
E16: NOTE: (Check with your State of Illinois Agency for information regarding reimbursement of indirect costs while your proposal is being negotiated)
B18: 3) | E18: Our Organization has never received a Negotiated Indirect Cost Rate Agreement from either the Federal government or the State of Illinois and elects to charge the de minimis rate of 10% modified total direct cost (MTDC) which may be used indefinitely on State of Illinois awards (2 CFR 200.414 (c)(4)(f) & (200.68).
E19: NOTE: (Your Organization must be eligible, see 2 CFR 200.414 (f), and submit documentation on the calculation of MTDC within your Budget Narrative under Indirect Costs)
B21: 4) | E21: For Restricted Rate Programs (check one) -- Our Organization is using a restricted indirect cost rate that:
E22: _____ | F22: Is included as a “Special Indirect Cost Rate” in our NICRA (2 CFR 200Appendix IV (5) Or;
E23: _____ | F23: Complies with other statutory policies (please specify):
E24: The Restricted Indirect Cost Rate is _________%
B26: 5) | C26: X | E26: No reimbursement of Indirect Cost is being requested. (Please consult your program office regarding possible match requirements)
B29: Basic Negotiated Indirect Cost Rate Agreement information if Option (1) or (2a) is selected | G29: Period Covered by the NICRA: From: | K29: To: | O29: (mm/dd/yyyy)
G30: Approving Federal/State agency (please specify):
G31: The Indirect Cost Rate is: | I31: % | J31: The Distribution Base is:

Sheet Section B
A1: =+'Section A'!A1 -> STATE OF ILLINOIS | B1: =+'Section A'!B1 -> UNIFORM GRANT BUDGET TEMPLATE | C1: =+'Section A'!E1 -> Commerce & Economic Opportunity | D1: content in rows 1 to 3 & cell C4 come from Section A
A2: ="Organization Name: "&'Section A'!B2 -> Organization Name: | B2: ="NOFO # "&'Section A'!F2 -> NOFO # 3432-2872 | C2: ="Fiscal Year "&'Section A'!F3 -> Fiscal Year 2025
A3: S E C T I O N B -- NON STATE OF ILLINOIS FUNDS | C3: ="Grant Number: "&'Section A'!F4 -> Grant Number:
A4: Revenues | C4: TOTAL REVENUE
A5: Grantee Match Requirement ________ % (Agency to populate)
A6: (b). -Cash | C6: 0
A7: (c). -Non-cash | C7: 0
A8: (d). Other Funding & Contributions | C8: 0
A9: NON-STATE Funds Total | C9: =(C6+C7+C8) -> 0
A10: BUDGET SUMMARY NON-STATE OF ILLINOIS FUNDS | D10: you should not need to type anything in below this row
A11: Budget Expenditure Categories | B11: OMB Uniform Guidance Federal Awards Reference 2 CFR 200 | C11: TOTAL EXPENDITURES
A12: 1. Personnel (Salaries & Wages) | B12: 200.43 | C12: =+Personnel!G268 -> 194204.91
A13: 2. Fringe Benefits | B13: 200.431 | C13: =+'Fringe Benefits'!E267 -> 129972.18
A14: 3. Travel | B14: 200.474 | C14: =+Travel!G267 -> 1866086.3
A15: 4. Equipment | B15: 200.439 | C15: =+'Equipment '!D267 -> 1336360.8
A16: 5. Supplies | B16: 200.94 | C16: =+Supplies!D266 -> 861822.97
A17: 6. Contractual Services & Subawards | B17: 200.318 & 200.92 | C17: =+'Contractual Services'!C269 -> 0
A18: 7. Consultant (Professional Services) | B18: 200.459 | C18: =+Consultant!G266+Consultant!G539 -> 7835139.4
A19: 8. Construction | C19: =+'Construction '!C266 -> 0
A20: 9. Occupancy (Rent & Utilities) | B20: 200.465 | C20: =+'Occupancy '!F267 -> 12967017
A21: 10. Research & Development (R&D) | B21: 200.87 | C21: =+'R & D '!C266 -> 1876396.5
A22: 11. Telecommunications | C22: =+'Telecommunications '!F267 -> 1881589.1
A23: 12. Training & Education | B23: 200.472 | C23: =+'Training & Education'!F267 -> 21324396
A24: 13. Direct Administrative costs | B24: 200.413 ( c) | C24: =+'Direct Administrative '!G267 -> 532633.45
A25: 14. Miscellaneous Costs | C25: =+'Miscellaneous (other) Costs '!F267 -> 0
A26: =+'15A'!$A$2&'15A'!$B$2 -> 15A.Acquisition | C26: =+'15A'!F$268 -> 0
A27: =+'15B'!$A$2&'15B'!$B$2 -> 15B.GRANT EXCLUSIVE LINE ITEM | C27: =+'15B'!F$268 -> 17788098
A28: =+'15C'!$A$2&'15C'!$B$2 -> 15C.GRANT EXCLUSIVE LINE ITEM | C28: =+'15C'!F$268 -> 15564373
A29: =+'15D'!$A$2&'15D'!$B$2 -> 15D.GRANT EXCLUSIVE LINE ITEM | C29: =+'15D'!F$268 -> 21931999
A30: =+'15E'!$A$2&'15E'!$B$2 -> 15E.GRANT EXCLUSIVE LINE ITEM | C30: =+'15E'!F$268 -> 17302357
A31: =+'15F'!$A$2&'15F'!$B$2 -> 15F.GRANT EXCLUSIVE LINE ITEM | C31: =+'15F'!F$268 -> 12526207
A32: =+'15G'!$A$2&'15G'!$B$2 -> 15G.GRANT EXCLUSIVE LINE ITEM | C32: =+'15G'!F$268 -> 22216463
A33: =+'15H'!$A$2&'15H'!$B$2 -> 15H.GRANT EXCLUSIVE LINE ITEM | C33: =+'15H'!F$268 -> 14718133
A34: =+'15I'!$A$2&'15I'!$B$2 -> 15I.GRANT EXCLUSIVE LINE ITEM | C34: =+'15I'!F$268 -> 10834556
A35: =+'15J'!$A$2&'15J'!$B$2 -> 15J.GRANT EXCLUSIVE LINE ITEM | C35: =+'15J'!F$268 -> 11618459
A36: =+'15K'!$A$2&'15K'!$B$2 -> 15K.GRANT EXCLUSIVE LINE ITEM | C36: =+'15K'!F$268 -> 3974873.6
A37: 16. Total Direct Costs (lines 1-15) | B37: 200.413 | C37: =SUBTOTAL(109,C12:C36) -> 0
A38: 17. Indirect Costs* (see below) | B38: 200.414 | C38: =+'Indirect Costs '!D14 -> 0
A39: Rate: __________ % Base:______________________
A40: 18. Total Costs NON -State Grant Funds (16 &17) | C40: =(C37+C38) -> 0

Sheet Certification 
A1: CERTIFICATION | D1: STATE OF ILLINOIS UNIFORM GRANT BUDGET TEMPLATE | G1: ="AGENCY: "&'Section B'!C1 -> AGENCY: Commerce & Economic Opportunity
A2: ="Organization Name: "&'Section A'!B2 -> Organization Name: | D2: ="CSFA Description: "&'Section A'!D3 -> CSFA Description: CDBG-CV Rural Shelter | G2: ="NOFO # "&'Section A'!F2 -> NOFO # 3432-2872
A3: ="CSFA #: "&'Section A'!B3 -> CSFA #: 420-75-3432 | D3: ="UEI # "&'Section A'!D2 -> UEI # | G3: ="Fiscal Year(s): "&'Section A'!F3 -> Fiscal Year(s): 2025
A5: (2 CFR 200.415)
A6: “By signing this report, I certify to the best of my knowledge and belief that the report is true, complete, and accurate and that any false, fictitious, or fraudulent information or the omission of any material fact, could result in the immediate termination of my grant award(s).
A11: Institution/Organization | E11: Institution/Organization
A14: Signature | E14: Signature
A17: Name of Official | E17: Name of Official
A20: Title | E20: Title
A21: Chief Financial Officer (or equivalent) | E21: Executive Director (or equivalent)
A23: Date of Execution | E23: Date of Execution
A27: Note: The State awarding agency may change required signers based on the grantee’s organizational structure. The required signers must have the authority to enter into contractual agreements on behalf of the organization.

Sheet Sheet1

Sheet Personnel
A1: Section C - Budget Worksheet & Narrative | G1: =+'Section A'!B2 -> 0
A2: 1). Personnel (Salaries & Wages) (2 CFR 200.430)--List each position by title and name of employee, if available. Show the annual salary rate and the percentage of time to be devoted to the project and length of time working on the project . Compensation paid for employees engaged in grant activities must be consistent with that paid for similar work within the applicant organization. Include a description of the responsibilities and duties of each position in relationship to fulfilling the project goals and objectives in the narrative space provided below. Also, provide a justification and description of each position (including vacant positions). Relate each position specifically to program objectives. Personnel cannot exceed 100% of their time on all active projects.
A5: Name | B5: Position(s) | C5: Salary or Wage | D5: Basis (Yr./Mo./Hr.) | E5: % of Time | F5: Length of time | G5: Personnel Cost | H5: Filter | J5: Length of time=# of units of Basis
A6: Name | B6: ois | C6: =RAND()*1000000 -> 273746.54 | D6: year | E6: 0.09 | F6: 1 | G6: =ROUND(C6*E6*F6,2) -> 24637.19 | H6: state
A7: StateName1 | B7: ois | C7: =RAND()*1000000 -> 992472.18 | D7: year | E7: 0.09 | F7: 1 | G7: =ROUND(C7*E7*F7,2) -> 89322.5 | H7: state
A8: StateName2 | B8: ois | C8: =RAND()*1000000 -> 932179.25 | D8: year | E8: 0.09 | F8: 1 | G8: =ROUND(C8*E8*F8,2) -> 83896.13 | H8: state
G9: =ROUND(C9*E9*F9,2) -> 0 | H9: state
G10: =ROUND(C10*E10*F10,2) -> 0 | H10: state
G11: =ROUND(C11*E11*F11,2) -> 0 | H11: state
G12: =ROUND(C12*E12*F12,2) -> 0 | H12: state
G13: =ROUND(C13*E13*F13,2) -> 0 | H13: state
G14: =ROUND(C14*E14*F14,2) -> 0 | H14: state
G15: =ROUND(C15*E15*F15,2) -> 0 | H15: state
G16: =ROUND(C16*E16*F16,2) -> 0 | H16: state
G17: =ROUND(C17*E17*F17,2) -> 0 | H17: state
G18: =ROUND(C18*E18*F18,2) -> 0 | H18: state
G19: =ROUND(C19*E19*F19,2) -> 0 | H19: state
G20: =ROUND(C20*E20*F20,2) -> 0 | H20: state
... G134: =ROUND(C134*E134*F134,2) -> 0 | H134: state
A135: Name | B135: ois | C135: =RAND()*1000000 -> 425473.28 | D135: year | E135: 0.09 | F135: 1 | G135: =ROUND(C135*E135*F135,2) -> 38292.6 | H135: state
F136: State Total | G136: =ROUND(SUBTOTAL(109,G6:G135),2) -> 236148.42 | H136: state | J136: If you need to additional rows, there are rows you can unhide
H137: non-state
A138: Name | B138: ois | C138: =RAND()*1000000 -> 756605.31 | D138: year | E138: 0.09 | F138: 1 | G138: =ROUND(C138*E138*F138,2) -> 68094.48 | H138: non-state
A139: Non-StateName1 | B139: ois | C139: =RAND()*1000000 -> 919358.91 | D139: year | E139: 0.09 | F139: 1 | G139: =ROUND(C139*E139*F139,2) -> 82742.3 | H139: non-state
A140: Non-StateName2 | B140: ois | C140: =RAND()*1000000 -> 22445.419 | D140: year | E140: 0.09 | F140: 1 | G140: =ROUND(C140*E140*F140,2) -> 2020.09 | H140: non-state
G141: =ROUND(C141*E141*F141,2) -> 0 | H141: non-state
G142: =ROUND(C142*E142*F142,2) -> 0 | H142: non-state
G143: =ROUND(C143*E143*F143,2) -> 0 | H143: non-state
G144: =ROUND(C144*E144*F144,2) -> 0 | H144: non-state
G145: =ROUND(C145*E145*F145,2) -> 0 | H145: non-state
G146: =ROUND(C146*E146*F146,2) -> 0 | H146: non-state
G147: =ROUND(C147*E147*F147,2) -> 0 | H147: non-state
G148: =ROUND(C148*E148*F148,2) -> 0 | H148: non-state
G149: =ROUND(C149*E149*F149,2) -> 0 | H149: non-state
G150: =ROUND(C150*E150*F150,2) -> 0 | H150: non-state
G151: =ROUND(C151*E151*F151,2) -> 0 | H151: non-state
G152: =ROUND(C152*E152*F152,2) -> 0 | H152: non-state
... G266: =ROUND(C266*E266*F266,2) -> 0 | H266: non-state
A267: Name | B267: ois | C267: =RAND()*1000000 -> 459422.64 | D267: year | E267: 0.09 | F267: 1 | G267: =ROUND(C267*E267*F267,2) -> 41348.04 | H267: non-state
F268: NON-State Total | G268: =ROUND(SUBTOTAL(109,G137:G267),2) -> 194204.91 | H268: non-state | J268: If you need to additional rows, there are rows you can unhide
H269: keep
F270: Total Personnel | G270: =+G268+G136 -> 430353.33 | H270: keep | J270: This rows adds State & Non-State Totals
H271: keep
A272: Personnel Narrative (State): | H272: state | J272: Give a brief description of items that you are claiming
A273: Personnel Narrative (State): | H273: state | J273: To add information on a new line, hold the Alt key and hit Enter. To change the row height, right click on the row number off to the left of the spreadsheet, then click on Row Height
H274: non-state
A275: Personnel Narrative (Non-State) i.e. "Match" or "Other Funding" | H275: non-state | J275: Give a brief description of items that you are claiming
A276: Personnel Narrative (Non-State) i.e. "Match" or "Other Funding" | H276: non-state | J276: To add information on a new line, hold the Alt key and hit Enter. To change the row height, right click on the row number off to the left of the spreadsheet, then click on Row Height

Sheet Fringe Benefits
A1: Section C - Budget Worksheet & Narrative | E1: =+'Section A'!B2 -> 0
A2: 2). Fringe Benefits (2 CFR 200.431)--Fringe benefits should be based on actual known costs or an established formula. Fringe benefits are for the personnel listed in category (1) direct salaries and wages, and only for the percentage of time devoted to the project. Provide the fringe benefit rate used and a clear description of how the computation of fringe benefits was done. Provide both the annual (for multiyear awards) and total. If a fringe benefit rate is not used, show how the fringe benefits were computed for each position. The budget justification should be reflected in the budget description. Elements that comprise fringe benefits should be indicated.
A4: Name | B4: Position(s) | C4: Base | D4: Rate | E4: Fringe Benefit Cost | F4: Filter
A5: Name | B5: Position | C5: =RAND()*1000000 -> 778619.46 | D5: 0.09 | E5: =ROUND(C5*D5,2) -> 70075.75 | F5: state
A6: StateName1 | B6: Position | C6: =RAND()*1000000 -> 600098.82 | D6: 0.09 | E6: =ROUND(C6*D6,2) -> 54008.89 | F6: state
A7: StateName2 | B7: Position | C7: =RAND()*1000000 -> 186852.45 | D7: 0.09 | E7: =ROUND(C7*D7,2) -> 16816.72 | F7: state
E8: =ROUND(C8*D8,2) -> 0 | F8: state
E9: =ROUND(C9*D9,2) -> 0 | F9: state
E10: =ROUND(C10*D10,2) -> 0 | F10: state
E11: =ROUND(C11*D11,2) -> 0 | F11: state
E12: =ROUND(C12*D12,2) -> 0 | F12: state
E13: =ROUND(C13*D13,2) -> 0 | F13: state
E14: =ROUND(C14*D14,2) -> 0 | F14: state
E15: =ROUND(C15*D15,2) -> 0 | F15: state
E16: =ROUND(C16*D16,2) -> 0 | F16: state
E17: =ROUND(C17*D17,2) -> 0 | F17: state
E18: =ROUND(C18*D18,2) -> 0 | F18: state
E19: =ROUND(C19*D19,2) -> 0 | F19: state
... E133: =ROUND(C133*D133,2) -> 0 | F133: state
A134: name | B134: Position | C134: =RAND()*1000000 -> 44586.023 | D134: 0.09 | E134: =ROUND(C134*D134,2) -> 4012.74 | F134: state
D135: State Total | E135: =ROUND(SUBTOTAL(109,E5:E134),2) -> 144914.1 | F135: state | H135: If you need additional rows, there are rows you can unhide
F136: non-state
A137: name | B137: Position | C137: =RAND()*1000000 -> 307162.57 | D137: 0.09 | E137: =ROUND(C137*D137,2) -> 27644.63 | F137: non-state
A138: Non-StateName1 | B138: Position | C138: =RAND()*1000000 -> 846931.13 | D138: 0.09 | E138: =ROUND(C138*D138,2) -> 76223.8 | F138: non-state
A139: Non-StateName2 | B139: Position | C139: =RAND()*1000000 -> 232162.75 | D139: 0.09 | E139: =ROUND(C139*D139,2) -> 20894.65 | F139: non-state
E140: =ROUND(C140*D140,2) -> 0 | F140: non-state
E141: =ROUND(C141*D141,2) -> 0 | F141: non-state
E142: =ROUND(C142*D142,2) -> 0 | F142: non-state
E143: =ROUND(C143*D143,2) -> 0 | F143: non-state
E144: =ROUND(C144*D144,2) -> 0 | F144: non-state
E145: =ROUND(C145*D145,2) -> 0 | F145: non-state
E146: =ROUND(C146*D146,2) -> 0 | F146: non-state
E147: =ROUND(C147*D147,2) -> 0 | F147: non-state
E148: =ROUND(C148*D148,2) -> 0 | F148: non-state
E149: =ROUND(C149*D149,2) -> 0 | F149: non-state
E150: =ROUND(C150*D150,2) -> 0 | F150: non-state
E151: =ROUND(C151*D151,2) -> 0 | F151: non-state
... E265: =ROUND(C265*D265,2) -> 0 | F265: non-state
A266: name | B266: Position | C266: =RAND()*1000000 -> 57878.863 | D266: 0.09 | E266: =ROUND(C266*D266,2) -> 5209.1 | F266: non-state
D267: NON-State Total | E267: =ROUND(SUBTOTAL(109,E136:E266),2) -> 129972.18 | F267: non-state | H267: If you need additional rows, there are rows you can unhide
F268: keep
D269: Total Fringe Benefits | E269: =+E267+E135 -> 274886.28 | F269: keep | H269: This rows adds State & Non-State Totals
F270: keep
A271: Fringe Benefits Narrative (State): | F271: state | H271: Give a brief description of items that you are claiming
A272: Fringe Benefits Narrative | F272: state | H272: To add information on a new line, hold the Alt key and hit Enter. To change the row height, right click on the row number off to the left of the spreadsheet, then click on Row Height
F273: non-state
A274: Fringe Benefits Narrative (Non-State) i.e. "Match" or "Other Funding" | F274: non-state | H274: Give a brief description of items that you are claiming
A275: Fringe Benefits Narrative | F275: non-state | H275: To add information on a new line, hold the Alt key and hit Enter. To change the row height, right click on the row number off to the left of the spreadsheet, then click on Row Height

Sheet Travel
A1: Section C - Budget Worksheet & Narrative | G1: =+'Section A'!B2 -> 0
A2: 3). Travel (2 CFR 200.474)-- Travel should include: origin and destination, estimated costs and type of transportation, number of travelers, related lodging and per diem costs, brief description of the travel involved, its purpose, and explanation of how the proposed travel is necessary for successful completion of the project. In training projects, travel and meals for trainees should be listed separately. Show the number of trainees and unit cost involved. Identify the location of travel, if known; or if unknown, indicate "location to be determined." Indicate source of Travel Policies applied, Applicant or State of Illinois Travel Regulations. NOTE: Dollars requested in the travel category should be for staff travel only. Travel for consultants should be shown in the consultant category along with the consultant’s fee. Travel for training participants, advisory committees, review panels and etc., should be itemized the same way as indicated above and placed in the “Miscellaneous” category.
A4: Purpose of Travel/Items | B4: Location | C4: Cost Rate | D4: Basis | E4: Quantity | F4: # of Trips | G4: Travel Cost | H4: Filter
A5: Purpose of Travel | B5: Location | C5: =RAND()*1000000 -> 348554.69 | D5: words | E5: 1 | F5: 1 | G5: =ROUND(+C5*E5*F5,2) -> 348554.69 | H5: state
A6: StatePurpose of Travel1 | B6: Location | C6: =RAND()*1000000 -> 967966.26 | D6: words | E6: 1 | F6: 1 | G6: =ROUND(+C6*E6*F6,2) -> 967966.26 | H6: state
A7: StatePurpose of Travel2 | B7: Location | C7: =RAND()*1000000 -> 444245.66 | D7: words | E7: 1 | F7: 1 | G7: =ROUND(+C7*E7*F7,2) -> 444245.66 | H7: state
G8: =ROUND(+C8*E8*F8,2) -> 0 | H8: state
G9: =ROUND(+C9*E9*F9,2) -> 0 | H9: state
G10: =ROUND(+C10*E10*F10,2) -> 0 | H10: state
G11: =ROUND(+C11*E11*F11,2) -> 0 | H11: state
G12: =ROUND(+C12*E12*F12,2) -> 0 | H12: state
G13: =ROUND(+C13*E13*F13,2) -> 0 | H13: state
G14: =ROUND(+C14*E14*F14,2) -> 0 | H14: state
G15: =ROUND(+C15*E15*F15,2) -> 0 | H15: state
G16: =ROUND(+C16*E16*F16,2) -> 0 | H16: state
G17: =ROUND(+C17*E17*F17,2) -> 0 | H17: state
G18: =ROUND(+C18*E18*F18,2) -> 0 | H18: state
G19: =ROUND(+C19*E19*F19,2) -> 0 | H19: state
... G133: =ROUND(+C133*E133*F133,2) -> 0 | H133: state
A134: Purpose of Travel | B134: Location | C134: =RAND()*1000000 -> 590281.48 | D134: words | E134: 1 | F134: 1 | G134: =ROUND(+C134*E134*F134,2) -> 590281.48 | H134: state
F135: State Total | G135: =ROUND(SUBTOTAL(109,G5:G134),2) -> 2351048.1 | H135: state | J135: If you need additional rows, there are rows you can unhide
H136: non-state
A137: Purpose of Travel | B137: Location | C137: =RAND()*1000000 -> 337847.96 | D137: words | E137: 1 | F137: 1 | G137: =ROUND(+C137*E137*F137,2) -> 337847.96 | H137: non-state
A138: Non-StatePurpose of Travel1 | B138: Location | C138: =RAND()*1000000 -> 880089.13 | D138: words | E138: 1 | F138: 1 | G138: =ROUND(+C138*E138*F138,2) -> 880089.13 | H138: non-state
A139: Non-StatePurpose of Travel2 | B139: Location | C139: =RAND()*1000000 -> 113737.8 | D139: words | E139: 1 | F139: 1 | G139: =ROUND(+C139*E139*F139,2) -> 113737.8 | H139: non-state
G140: =ROUND(+C140*E140*F140,2) -> 0 | H140: non-state
G141: =ROUND(+C141*E141*F141,2) -> 0 | H141: non-state
G142: =ROUND(+C142*E142*F142,2) -> 0 | H142: non-state
G143: =ROUND(+C143*E143*F143,2) -> 0 | H143: non-state
G144: =ROUND(+C144*E144*F144,2) -> 0 | H144: non-state
G145: =ROUND(+C145*E145*F145,2) -> 0 | H145: non-state
G146: =ROUND(+C146*E146*F146,2) -> 0 | H146: non-state
G147: =ROUND(+C147*E147*F147,2) -> 0 | H147: non-state
G148: =ROUND(+C148*E148*F148,2) -> 0 | H148: non-state
G149: =ROUND(+C149*E149*F149,2) -> 0 | H149: non-state
G150: =ROUND(+C150*E150*F150,2) -> 0 | H150: non-state
G151: =ROUND(+C151*E151*F151,2) -> 0 | H151: non-state
... G265: =ROUND(+C265*E265*F265,2) -> 0 | H265: non-state
A266: Purpose of Travel | B266: Location | C266: =RAND()*1000000 -> 534411.37 | D266: words | E266: 1 | F266: 1 | G266: =ROUND(+C266*E266*F266,2) -> 534411.37 | H266: non-state
F267: NON-State Total | G267: =ROUND(SUBTOTAL(109,G136:G266),2) -> 1866086.3 | H267: non-state | J267: If you need additional rows, there are rows you can unhide
H268: keep
F269: Total Travel | G269: =+G267+G135 -> 4217134.3 | H269: keep | J269: This rows adds State & Non-State Totals
H270: keep
A271: Travel Narrative (State): | H271: state | J271: Give a brief description of items that you are claiming
A272: hadsjklfhkjlsadhf | H272: state | J272: To add information on a new line, hold the Alt key and hit Enter. To change the row height, right click on the row number off to the left of the spreadsheet, then click on Row Height
H273: non-state
A274: Travel Narrative (Non-State) i.e. "Match" or "Other Funding" | H274: non-state | J274: Give a brief description of items that you are claiming
A275: gqauiwerhfiahoif | H275: non-state | J275: To add information on a new line, hold the Alt key and hit Enter. To change the row height, right click on the row number off to the left of the spreadsheet, then click on Row Height

Sheet Equipment 
A1: Section C - Budget Worksheet & Narrative | D1: =+'Section A'!B2 -> 0
A2: 4). Equipment (2 CFR 200.439)-- Provide justification for the use of each item and relate them to specific program objectives. Provide both the annual (for multiyear awards) and total for equipment. Equipment is defined as an article of tangible personal property that has a useful life of more than one year and a per-unit acquisition cost which equals or exceeds the lesser of the capitalization level established by the non-Federal entity for financial statement purposes, or $5,000. An applicant organization may classify equipment at a lower dollar value but cannot classify it higher than $5,000. (Note: Organization's own capitalization policy for classification of equipment can be used). Applicants should analyze the cost benefits of purchasing versus leasing equipment, especially high cost items and those subject to rapid technical advances. Rented or leased equipment costs should be listed in the "Contractual" category. Explain how the equipment is necessary for the success of the project. Attach a narrative describing the procurement method to be used.
A4: Item | B4: Quantity | C4: Cost | D4: Equipment Cost | E4: Filter
A5: Item | B5: 1 | C5: =RAND()*1000000 -> 638539.16 | D5: =ROUND(+B5*C5,2) -> 638539.16 | E5: state
A6: StateItem1 | B6: 1 | C6: =RAND()*1000000 -> 29309.55 | D6: =ROUND(+B6*C6,2) -> 29309.55 | E6: state
A7: StateItem2 | B7: 1 | C7: =RAND()*1000000 -> 647722.69 | D7: =ROUND(+B7*C7,2) -> 647722.69 | E7: state
D8: =ROUND(+B8*C8,2) -> 0 | E8: state
D9: =ROUND(+B9*C9,2) -> 0 | E9: state
D10: =ROUND(+B10*C10,2) -> 0 | E10: state
D11: =ROUND(+B11*C11,2) -> 0 | E11: state
D12: =ROUND(+B12*C12,2) -> 0 | E12: state
D13: =ROUND(+B13*C13,2) -> 0 | E13: state
D14: =ROUND(+B14*C14,2) -> 0 | E14: state
D15: =ROUND(+B15*C15,2) -> 0 | E15: state
D16: =ROUND(+B16*C16,2) -> 0 | E16: state
D17: =ROUND(+B17*C17,2) -> 0 | E17: state
D18: =ROUND(+B18*C18,2) -> 0 | E18: state
D19: =ROUND(+B19*C19,2) -> 0 | E19: state
... D133: =ROUND(+B133*C133,2) -> 0 | E133: state
A134: Item | B134: 1 | C134: =RAND()*1000000 -> 627554.75 | D134: =ROUND(+B134*C134,2) -> 627554.75 | E134: state
C135: State Total | D135: =ROUND(SUBTOTAL(109,D5:D134),2) -> 1943126.1 | E135: state | G135: If you need additional rows, there are rows you can unhide
E136: non-state
A137: Item | B137: 1 | C137: =RAND()*1000000 -> 15056.742 | D137: =ROUND(+B137*C137,2) -> 15056.74 | E137: non-state
A138: Non-StateItem1 | B138: 1 | C138: =RAND()*1000000 -> 547721.6 | D138: =ROUND(+B138*C138,2) -> 547721.6 | E138: non-state
A139: Non-StateItem2 | B139: 1 | C139: =RAND()*1000000 -> 454821.5 | D139: =ROUND(+B139*C139,2) -> 454821.5 | E139: non-state
D140: =ROUND(+B140*C140,2) -> 0 | E140: non-state
D141: =ROUND(+B141*C141,2) -> 0 | E141: non-state
D142: =ROUND(+B142*C142,2) -> 0 | E142: non-state
D143: =ROUND(+B143*C143,2) -> 0 | E143: non-state
D144: =ROUND(+B144*C144,2) -> 0 | E144: non-state
D145: =ROUND(+B145*C145,2) -> 0 | E145: non-state
D146: =ROUND(+B146*C146,2) -> 0 | E146: non-state
D147: =ROUND(+B147*C147,2) -> 0 | E147: non-state
D148: =ROUND(+B148*C148,2) -> 0 | E148: non-state
D149: =ROUND(+B149*C149,2) -> 0 | E149: non-state
D150: =ROUND(+B150*C150,2) -> 0 | E150: non-state
D151: =ROUND(+B151*C151,2) -> 0 | E151: non-state
... D265: =ROUND(+B265*C265,2) -> 0 | E265: non-state
A266: Item | B266: 1 | C266: =RAND()*1000000 -> 318760.98 | D266: =ROUND(+B266*C266,2) -> 318760.98 | E266: non-state
C267: NON-State Total | D267: =ROUND(SUBTOTAL(109,D136:D266),2) -> 1336360.8 | E267: non-state | G267: If you need additional rows, there are rows you can unhide
E268: keep
B269: Total Equipment | D269: =+D267+D135 -> 3279487 | E269: keep | G269: This rows adds State & Non-State Totals
E270: keep
A271: Equipment Narrative (State): | E271: state | G271: Give a brief description of items that you are claiming
A272: adskjf;laksjdf;lkajwe | E272: state | G272: To add information on a new line, hold the Alt key and hit Enter. To change the row height, right click on the row number off to the left of the spreadsheet, then click on Row Height
E273: non-state
A274: Equipment Narrative (Non-State) i.e. "Match" or "Other Funding" | E274: non-state | G274: Give a brief description of items that you are claiming
A275: weroiutpowerutiower | E275: non-state | G275: To add information on a new line, hold the Alt key and hit Enter. To change the row height, right click on the row number off to the left of the spreadsheet, then click on Row Height

Sheet Supplies
A1: Section C - Budget Worksheet & Narrative | D1: =+'Section A'!B2 -> 0 | E1: Filter
A2: 5). Supplies (2 CFR 200.94)--List items by type (office supplies, postage, training materials, copying paper, and other expendable items such as books, hand held tape recorders) and show the basis for computation. Generally, supplies include any materials that are expendable or consumed during the course of the project. | E2: keep
A3: Item | B3: Quantity/ Duration | C3: Cost | D3: Supplies Cost | E3: keep
A4: Supply Items | B4: 1 | C4: =RAND()*1000000 -> 386095.69 | D4: =ROUND(B4*C4,2) -> 386095.69 | E4: keep
A5: Supply Items1 | B5: 1 | C5: =RAND()*1000000 -> 164351.18 | D5: =ROUND(B5*C5,2) -> 164351.18 | E5: state
A6: Supply Items2 | B6: 1 | C6: =RAND()*1000000 -> 662395.62 | D6: =ROUND(B6*C6,2) -> 662395.62 | E6: state
D7: =ROUND(B7*C7,2) -> 0 | E7: state
D8: =ROUND(B8*C8,2) -> 0 | E8: state
D9: =ROUND(B9*C9,2) -> 0 | E9: state
D10: =ROUND(B10*C10,2) -> 0 | E10: state
D11: =ROUND(B11*C11,2) -> 0 | E11: state
D12: =ROUND(B12*C12,2) -> 0 | E12: state
D13: =ROUND(B13*C13,2) -> 0 | E13: state
D14: =ROUND(B14*C14,2) -> 0 | E14: state
D15: =ROUND(B15*C15,2) -> 0 | E15: state
D16: =ROUND(B16*C16,2) -> 0 | E16: state
D17: =ROUND(B17*C17,2) -> 0 | E17: state
D18: =ROUND(B18*C18,2) -> 0 | E18: state
... D132: =ROUND(B132*C132,2) -> 0 | E132: state
A133: Supply Items | B133: 1 | C133: =RAND()*1000000 -> 29476.047 | D133: =ROUND(B133*C133,2) -> 29476.05 | E133: state
C134: State Total | D134: =ROUND(SUBTOTAL(109,D4:D133),2) -> 1242318.5 | E134: state | G134: If you need additional rows, there are rows you can unhide
E135: non-state
A136: Supply Items | B136: 1 | C136: =RAND()*1000000 -> 184714.85 | D136: =ROUND(B136*C136,2) -> 184714.85 | E136: non-state
A137: Supply Items1 | B137: 1 | C137: =RAND()*1000000 -> 228493.6 | D137: =ROUND(B137*C137,2) -> 228493.6 | E137: non-state
A138: Supply Items2 | B138: 1 | C138: =RAND()*1000000 -> 354741.58 | D138: =ROUND(B138*C138,2) -> 354741.58 | E138: non-state
D139: =ROUND(B139*C139,2) -> 0 | E139: non-state
D140: =ROUND(B140*C140,2) -> 0 | E140: non-state
D141: =ROUND(B141*C141,2) -> 0 | E141: non-state
D142: =ROUND(B142*C142,2) -> 0 | E142: non-state
D143: =ROUND(B143*C143,2) -> 0 | E143: non-state
D144: =ROUND(B144*C144,2) -> 0 | E144: non-state
D145: =ROUND(B145*C145,2) -> 0 | E145: non-state
D146: =ROUND(B146*C146,2) -> 0 | E146: non-state
D147: =ROUND(B147*C147,2) -> 0 | E147: non-state
D148: =ROUND(B148*C148,2) -> 0 | E148: non-state
D149: =ROUND(B149*C149,2) -> 0 | E149: non-state
D150: =ROUND(B150*C150,2) -> 0 | E150: non-state
... D264: =ROUND(B264*C264,2) -> 0 | E264: non-state
A265: Supply Items | B265: 1 | C265: =RAND()*1000000 -> 93872.944 | D265: =ROUND(B265*C265,2) -> 93872.94 | E265: non-state
C266: NON-State Total | D266: =ROUND(SUBTOTAL(109,D135:D265),2) -> 861822.97 | E266: non-state | G266: If you need additional rows, there are rows you can unhide
E267: keep
B268: Total Supplies | D268: =+D134+D266 -> 2104141.5 | E268: keep | G268: This rows adds State & Non-State Totals
E269: keep
A270: Supplies Narrative (State): | E270: state | G270: Give a brief description of items that you are claiming
A271: aeioudrfigjb;sjg | E271: state | G271: To add information on a new line, hold the Alt key and hit Enter. To change the row height, right click on the row number off to the left of the spreadsheet, then click on Row Height
E272: non-state
A273: Supplies Narrative (Non-State) i.e. "Match" or "Other Funding" | E273: non-state | G273: Give a brief description of items that you are claiming
A274: hjopirujgisdf;jgl | E274: non-state | G274: To add information on a new line, hold the Alt key and hit Enter. To change the row height, right click on the row number off to the left of the spreadsheet, then click on Row Height

Sheet Contractual Services
A1: Section C - Budget Worksheet & Narrative | C1: =+'Section A'!B2 -> 0 | D1: Filter
A2: 6). Contractual Services (2 CFR 200.318) & Subawards (200.92) -- Provide a description of the product or service to be procured by contract and an estimate of the cost. Applicants are encouraged to promote free and open competition in awarding contracts. A separate justification must be provided for sole contracts in excess of $150,000 (See 2 CFR 200.88). NOTE : this budget category may include subawards. Provide separate budgets for each subaward or contract, regardless of the dollar value and indicate the basis for the cost estimates in the narrative. Describe products or services to be obtained and indicate the applicability or necessity of each to the project. | D2: keep
A3: Please also note the differences between subaward, contract, and contractor (vendor): | D3: keep
A4: 1) Subaward (200.92) means an award provided by a pass-through entity to a subrecipient for the subrecipient to carry out part of a Federal/State award, including a portion of the scope of work or objectives. It does not include payments to a contractor or payments to an individual that is a beneficiary of a Federal/State program. 2) Contract (200.22) means a legal instrument by which a non-Federal entity purchases property or services needed to carry out the project or program under a Federal award. The term as used in this part does not include a legal instrument, even if the non-Federal entity considers it a contract, when the substance of the transaction meets the definition of a Federal award or subaward. 3) "Vendor" or "Contractor" is generally a dealer, distributor or other seller that provides supplies, expendable materials, or data processing services in support of the project activities. | D4: keep
D5: keep
A6: Item | C6: Contractual Services Cost | D6: state
C7: 0 | D7: state
C8: 0 | D8: state
C9: 0 | D9: state
C10: 0 | D10: state
C11: 0 | D11: state
C12: 0 | D12: state
C13: 0 | D13: state
C14: 0 | D14: state
C15: 0 | D15: state
C16: 0 | D16: state
C17: 0 | D17: state
C18: 0 | D18: state
... C136: 0 | D136: state
B137: State Total | C137: =ROUND(SUBTOTAL(109,C7:C136),2) -> 0 | D137: state | F137: If you need additional rows, there are rows you can unhide
D138: non-state
C139: 0 | D139: non-state
C140: 0 | D140: non-state
C141: 0 | D141: non-state
C142: 0 | D142: non-state
C143: 0 | D143: non-state
C144: 0 | D144: non-state
C145: 0 | D145: non-state
C146: 0 | D146: non-state
C147: 0 | D147: non-state
C148: 0 | D148: non-state
C149: 0 | D149: non-state
C150: 0 | D150: non-state
... C268: 0 | D268: non-state
B269: NON-State Total | C269: =ROUND(SUBTOTAL(109,C138:C268),2) -> 0 | D269: non-state | F269: If you need additional rows, there are rows you can unhide
D270: keep
B271: Total Contractual Services | C271: =+C137+C269 -> 0 | D271: keep | F271: This rows adds State & Non-State Totals
D272: keep
A273: Contractual Services Narrative (State): | D273: state | F273: Give a brief description of items that you are claiming
D274: state | F274: To add information on a new line, hold the Alt key and hit Enter. To change the row height, right click on the row number off to the left of the spreadsheet, then click on Row Height
D275: non-state
A276: Contractual Services Narrative (Non-State) i.e. "Match" or "Other Funding" | D276: non-state | F276: Give a brief description of items that you are claiming
D277: non-state | F277: To add information on a new line, hold the Alt key and hit Enter. To change the row height, right click on the row number off to the left of the spreadsheet, then click on Row Height

Sheet Consultant
A1: Section C - Budget Worksheet & Narrative | G1: =+'Section A'!B2 -> 0 | H1: Filter
A2: 7). Consultant Services and Expenses (2 CFR 200.459)-- Consultant Services (Fees): For each consultant enter the name, if known, service to be provided, hourly or daily fee (8-hour day), and estimated time on the project. Consultant Expenses: List all expenses to be paid from the grant to the individual consultant in addition to their fees (i.e., travel, meals, lodging, etc.) Consultant-- Indicate whether applicant's formal, written Procurement Policy or the Federal Acquisitions Policy is used. | H2: keep
A3: Consultant Services (Fees) | B3: Services Provided | D3: Fee | E3: Basis | F3: Quantity | G3: Consultant Services (Fee) Cost | H3: keep
A4: Consultant Services (Fees) | B4: Service Provided | D4: =RAND()*1000000 -> 16284.441 | E4: month | F4: 1 | G4: =ROUND(+D4*F4,2) -> 16284.44 | H4: state
A5: Consultant Services (Fees)1 | B5: Service Provided | D5: =RAND()*1000000 -> 573203.76 | E5: month | F5: 1 | G5: =ROUND(+D5*F5,2) -> 573203.76 | H5: state
A6: Consultant Services (Fees)2 | B6: Service Provided | D6: =RAND()*1000000 -> 659929.09 | E6: month | F6: 1 | G6: =ROUND(+D6*F6,2) -> 659929.09 | H6: state
G7: =ROUND(+D7*F7,2) -> 0 | H7: state
G8: =ROUND(+D8*F8,2) -> 0 | H8: state
G9: =ROUND(+D9*F9,2) -> 0 | H9: state
G10: =ROUND(+D10*F10,2) -> 0 | H10: state
G11: =ROUND(+D11*F11,2) -> 0 | H11: state
G12: =ROUND(+D12*F12,2) -> 0 | H12: state
G13: =ROUND(+D13*F13,2) -> 0 | H13: state
G14: =ROUND(+D14*F14,2) -> 0 | H14: state
G15: =ROUND(+D15*F15,2) -> 0 | H15: state
G16: =ROUND(+D16*F16,2) -> 0 | H16: state
G17: =ROUND(+D17*F17,2) -> 0 | H17: state
G18: =ROUND(+D18*F18,2) -> 0 | H18: state
... G132: =ROUND(+D132*F132,2) -> 0 | H132: state
A133: Consultant Services (Fees) | B133: Service Provided | D133: =RAND()*1000000 -> 631005.93 | E133: month | F133: 1 | G133: =ROUND(+D133*F133,2) -> 631005.93 | H133: state
F134: State Total | G134: =ROUND(SUBTOTAL(109,G4:G133),2) -> 1880423.2 | H134: state | J134: If you need additional rows, there are rows you can unhide
H135: non-state
A136: Consultant Services (Fees) | B136: Service Provided | D136: =RAND()*1000000 -> 173620.74 | E136: month | F136: 1 | G136: =ROUND(+D136*F136,2) -> 173620.74 | H136: non-state
A137: Consultant Services (Fees)1 | B137: Service Provided | D137: =RAND()*1000000 -> 604552.9 | E137: month | F137: 1 | G137: =ROUND(+D137*F137,2) -> 604552.9 | H137: non-state
A138: Consultant Services (Fees)2 | B138: Service Provided | D138: =RAND()*1000000 -> 599934.86 | E138: month | F138: 1 | G138: =ROUND(+D138*F138,2) -> 599934.86 | H138: non-state
G139: =ROUND(+D139*F139,2) -> 0 | H139: non-state
G140: =ROUND(+D140*F140,2) -> 0 | H140: non-state
G141: =ROUND(+D141*F141,2) -> 0 | H141: non-state
G142: =ROUND(+D142*F142,2) -> 0 | H142: non-state
G143: =ROUND(+D143*F143,2) -> 0 | H143: non-state
G144: =ROUND(+D144*F144,2) -> 0 | H144: non-state
G145: =ROUND(+D145*F145,2) -> 0 | H145: non-state
G146: =ROUND(+D146*F146,2) -> 0 | H146: non-state
G147: =ROUND(+D147*F147,2) -> 0 | H147: non-state
G148: =ROUND(+D148*F148,2) -> 0 | H148: non-state
G149: =ROUND(+D149*F149,2) -> 0 | H149: non-state
G150: =ROUND(+D150*F150,2) -> 0 | H150: non-state
... G264: =ROUND(+D264*F264,2) -> 0 | H264: non-state
A265: Consultant Services (Fees) | B265: Service Provided | D265: =RAND()*1000000 -> 568640.01 | E265: month | F265: 1 | G265: =ROUND(+D265*F265,2) -> 568640.01 | H265: non-state
F266: NON-State Total | G266: =ROUND(SUBTOTAL(109,G135:G265),2) -> 1946748.5 | H266: non-state | J266: If you need additional rows, there are rows you can unhide
H267: keep
F268: Total Consultant Services (Fees) | G268: =+G266+G134 -> 3827171.7 | H268: keep
H269: keep
A270: Consultant Services Narrative (State): | H270: state | J270: Give a brief description of items that you are claiming
A271: agheirufhlkasdj | H271: state | J271: To add information on a new line, hold the Alt key and hit Enter.
H272: non-state
A273: Consultant Services Narrative (Non-State) i.e. "Match" or "Other Funding" | H273: non-state | J273: Give a brief description of items that you are claiming
A274: erwtgpiuoergiuerw | H274: non-state | J274: To add information on a new line, hold the Alt key and hit Enter.
H275: keep
A276: Consultant Expenses - Item | B276: Location | C276: Cost Rate | D276: Basis | E276: Quantity | F276: # of Trips | G276: Consultant Expenses Total Cost | H276: keep
A277: Consultant Expenses | B277: Location | C277: =RAND()*1000000 -> 130933.87 | D277: month | E277: 3 | F277: 1 | G277: =ROUND(C277*E277*F277,2) -> 392801.61 | H277: state
A278: Consultant Expenses1 | B278: Location | C278: =RAND()*1000000 -> 500514.35 | D278: month | E278: 3 | F278: 1 | G278: =ROUND(C278*E278*F278,2) -> 1501543.1 | H278: state
A279: Consultant Expenses2 | B279: Location | C279: =RAND()*1000000 -> 356937.1 | D279: month | E279: 3 | F279: 1 | G279: =ROUND(C279*E279*F279,2) -> 1070811.3 | H279: state
G280: =ROUND(C280*E280*F280,2) -> 0 | H280: state
G281: =ROUND(C281*E281*F281,2) -> 0 | H281: state
G282: =ROUND(C282*E282*F282,2) -> 0 | H282: state
G283: =ROUND(C283*E283*F283,2) -> 0 | H283: state
G284: =ROUND(C284*E284*F284,2) -> 0 | H284: state
G285: =ROUND(C285*E285*F285,2) -> 0 | H285: state
G286: =ROUND(C286*E286*F286,2) -> 0 | H286: state
G287: =ROUND(C287*E287*F287,2) -> 0 | H287: state
G288: =ROUND(C288*E288*F288,2) -> 0 | H288: state
G289: =ROUND(C289*E289*F289,2) -> 0 | H289: state
G290: =ROUND(C290*E290*F290,2) -> 0 | H290: state
G291: =ROUND(C291*E291*F291,2) -> 0 | H291: state
... G405: =ROUND(C405*E405*F405,2) -> 0 | H405: state
A406: Consultant Expenses | B406: Location | C406: =RAND()*1000000 -> 260307.74 | D406: month | E406: 3 | F406: 1 | G406: =ROUND(C406*E406*F406,2) -> 780923.21 | H406: state
F407: State Total | G407: =ROUND(SUBTOTAL(109,G277:G406),2) -> 3746079.2 | H407: state | J407: If you need additional rows, there are rows you may unhide
H408: non-state
A409: Consultant Expenses | B409: Location | C409: =RAND()*1000000 -> 462826.91 | D409: month | E409: 3 | F409: 1 | G409: =ROUND(C409*E409*F409,2) -> 1388480.7 | H409: non-state
A410: Consultant Expenses1 | B410: Location | C410: =RAND()*1000000 -> 273403.94 | D410: month | E410: 3 | F410: 1 | G410: =ROUND(C410*E410*F410,2) -> 820211.82 | H410: non-state
A411: Consultant Expenses2 | B411: Location | C411: =RAND()*1000000 -> 453237.4 | D411: month | E411: 3 | F411: 1 | G411: =ROUND(C411*E411*F411,2) -> 1359712.2 | H411: non-state
G412: =ROUND(C412*E412*F412,2) -> 0 | H412: non-state
G413: =ROUND(C413*E413*F413,2) -> 0 | H413: non-state
G414: =ROUND(C414*E414*F414,2) -> 0 | H414: non-state
G415: =ROUND(C415*E415*F415,2) -> 0 | H415: non-state
G416: =ROUND(C416*E416*F416,2) -> 0 | H416: non-state
G417: =ROUND(C417*E417*F417,2) -> 0 | H417: non-state
G418: =ROUND(C418*E418*F418,2) -> 0 | H418: non-state
G419: =ROUND(C419*E419*F419,2) -> 0 | H419: non-state
G420: =ROUND(C420*E420*F420,2) -> 0 | H420: non-state
G421: =ROUND(C421*E421*F421,2) -> 0 | H421: non-state
G422: =ROUND(C422*E422*F422,2) -> 0 | H422: non-state
G423: =ROUND(C423*E423*F423,2) -> 0 | H423: non-state
... G537: =ROUND(C537*E537*F537,2) -> 0 | H537: non-state
A538: Consultant Expenses | B538: Location | C538: =RAND()*1000000 -> 773328.72 | D538: month | E538: 3 | F538: 1 | G538: =ROUND(C538*E538*F538,2) -> 2319986.2 | H538: non-state
F539: NON-State Total | G539: =ROUND(SUBTOTAL(109,G408:G538),2) -> 5888390.9 | H539: non-state | J539: If you need additional rows, there are rows you may unhide
H540: keep
F541: Total Consultant Expenses | G541: =+G539+G407 -> 9634470.1 | H541: keep
H542: keep
A543: Consultant Expenses Narrative (State): | H543: state | J543: Give a brief description of items that you are claiming
A544: rweopispugopds | H544: state | J544: To add information on a new line, hold the Alt key and hit Enter. To change the row height, right click on the row number off to the left of the spreadsheet, then click on Row Height
H545: non-state
A546: Consultant Expenses Narrative (Non-State) i.e. "Match" or "Other Funding" | H546: non-state | J546: Give a brief description of items that you are claiming
A547: werpogqi | H547: non-state | J547: To add information on a new line, hold the Alt key and hit Enter. To change the row height, right click on the row number off to the left of the spreadsheet, then click on Row Height

Sheet Construction 
A1: Section C - Budget Worksheet & Narrative | C1: =+'Section A'!B2 -> 0 | D1: Filter
A2: 8). Construction-- Provide a description of the construction project and an estimate of the costs. As a rule, construction costs are not allowable unless with prior written approval. In some cases, minor repairs or renovations may be allowable. Consult with the program office before budgeting funds in this category. Estimated construction costs must be supported by documentation including drawings and estimates, formal bids, etc. As with all other costs, follow the specific requirements of the program, the terms and conditions of the award, and applicable regulations. | D2: keep
A3: Purpose | B3: Description of Work | C3: Construction Cost | D3: keep
C4: 0 | D4: state | F4: Consult with Program Office before budgeting Construction costs.
C5: 0 | D5: state | F5: Consult with Program Office before budgeting Construction costs.
C6: 0 | D6: state | F6: Consult with Program Office before budgeting Construction costs.
C7: 0 | D7: state | F7: Consult with Program Office before budgeting Construction costs.
C8: 0 | D8: state | F8: Consult with Program Office before budgeting Construction costs.
C9: 0 | D9: state | F9: Consult with Program Office before budgeting Construction costs.
C10: 0 | D10: state | F10: Consult with Program Office before budgeting Construction costs.
C11: 0 | D11: state | F11: Consult with Program Office before budgeting Construction costs.
C12: 0 | D12: state | F12: Consult with Program Office before budgeting Construction costs.
C13: 0 | D13: state | F13: Consult with Program Office before budgeting Construction costs.
C14: 0 | D14: state | F14: Consult with Program Office before budgeting Construction costs.
C15: 0 | D15: state | F15: Consult with Program Office before budgeting Construction costs.
... C133: 0 | D133: state | F133: Consult with Program Office before budgeting Construction costs.
B134: State Total | C134: =ROUND(SUBTOTAL(109,C4:C133),2) -> 0 | D134: state | F134: If you need additional rows, there are rows you can unhide
D135: non-state
C136: 0 | D136: non-state
C137: 0 | D137: non-state | F137: Consult with Program Office before budgeting Construction costs.
C138: 0 | D138: non-state | F138: Consult with Program Office before budgeting Construction costs.
C139: 0 | D139: non-state | F139: Consult with Program Office before budgeting Construction costs.
C140: 0 | D140: non-state | F140: Consult with Program Office before budgeting Construction costs.
C141: 0 | D141: non-state | F141: Consult with Program Office before budgeting Construction costs.
C142: 0 | D142: non-state | F142: Consult with Program Office before budgeting Construction costs.
C143: 0 | D143: non-state | F143: Consult with Program Office before budgeting Construction costs.
C144: 0 | D144: non-state | F144: Consult with Program Office before budgeting Construction costs.
C145: 0 | D145: non-state | F145: Consult with Program Office before budgeting Construction costs.
C146: 0 | D146: non-state | F146: Consult with Program Office before budgeting Construction costs.
C147: 0 | D147: non-state | F147: Consult with Program Office before budgeting Construction costs.
C148: 0 | D148: non-state | F148: Consult with Program Office before budgeting Construction costs.
... C264: 0 | D264: non-state | F264: Consult with Program Office before budgeting Construction costs.
C265: 0 | D265: non-state
B266: NON-State Total | C266: =ROUND(SUBTOTAL(109,C135:C265),2) -> 0 | D266: non-state | F266: If you need additional rows, there are rows you can unhide
D267: keep
B268: Total Construction | C268: =+C266+C134 -> 0 | D268: keep | F268: This rows adds State & Non-State Totals
D269: keep
A270: Construction Narrative (State): | D270: state | F270: Give a brief description of items that you are claiming
D271: state | F271: To add information on a new line, hold the Alt key and hit Enter. To change the row height, right click on the row number off to the left of the spreadsheet, then click on Row Height
D272: non-state
A273: Construction Narrative (Non-State) i.e. "Match" or "Other Funding" | D273: non-state | F273: Give a brief description of items that you are claiming
D274: non-state | F274: To add information on a new line, hold the Alt key and hit Enter. To change the row height, right click on the row number off to the left of the spreadsheet, then click on Row Height

Sheet Occupancy 
A1: Section C - Budget Worksheet & Narrative | F1: =+'Section A'!B2 -> 0 | G1: Filter
A2: 9). Occupancy -Rent and Utilities (2 CFR 200.465)-- List items and descriptions by major type and the basis of the computation. Explain how rental and utility expenses are allocated for distribution as an expense to the program/service. For example, provide the square footage and the cost per square foot rent and utility, and provide a monthly rental and utility cost and how many months to rent. NOTE: This budgetary line item is to be used for direct program rent and utilities, all other indirect or administrative occupancy costs should be listed in the indirect expense section of the Budget worksheet and narrative. Maintenance and repair costs may be included here if directly allocated to program. | G2: keep
G3: keep
A4: Description | B4: Quantity | C4: Basis | D4: Cost | E4: Length of time | F4: Occupancy Cost | G4: keep | I4: Length of time=# of units of Basis
A5: Description | B5: 3 | C5: month | D5: =RAND()*1000000 -> 844739.02 | E5: 2 | F5: =ROUND(+B5*D5*E5,2) -> 5068434.1 | G5: state
A6: Description1 | B6: 3 | C6: month | D6: =RAND()*1000000 -> 525675.84 | E6: 2 | F6: =ROUND(+B6*D6*E6,2) -> 3154055 | G6: state
A7: Description2 | B7: 3 | C7: month | D7: =RAND()*1000000 -> 917867.02 | E7: 2 | F7: =ROUND(+B7*D7*E7,2) -> 5507202.1 | G7: state
F8: =ROUND(+B8*D8*E8,2) -> 0 | G8: state
F9: =ROUND(+B9*D9*E9,2) -> 0 | G9: state
F10: =ROUND(+B10*D10*E10,2) -> 0 | G10: state
F11: =ROUND(+B11*D11*E11,2) -> 0 | G11: state
F12: =ROUND(+B12*D12*E12,2) -> 0 | G12: state
F13: =ROUND(+B13*D13*E13,2) -> 0 | G13: state
F14: =ROUND(+B14*D14*E14,2) -> 0 | G14: state
F15: =ROUND(+B15*D15*E15,2) -> 0 | G15: state
F16: =ROUND(+B16*D16*E16,2) -> 0 | G16: state
F17: =ROUND(+B17*D17*E17,2) -> 0 | G17: state
F18: =ROUND(+B18*D18*E18,2) -> 0 | G18: state
F19: =ROUND(+B19*D19*E19,2) -> 0 | G19: state
... F133: =ROUND(+B133*D133*E133,2) -> 0 | G133: state
A134: Description | B134: 3 | C134: month | D134: =RAND()*1000000 -> 511770.52 | E134: 2 | F134: =ROUND(+B134*D134*E134,2) -> 3070623.1 | G134: state
E135: State Total | F135: =ROUND(SUBTOTAL(109,F5:F134),2) -> 16800314 | G135: state | I135: If you need additional rows, there are rows you can unhide
G136: non-state
A137: description | B137: 3 | C137: month | D137: =RAND()*1000000 -> 355602.74 | E137: 2 | F137: =ROUND(+B137*D137*E137,2) -> 2133616.5 | G137: non-state
A138: Description1 | B138: 3 | C138: month | D138: =RAND()*1000000 -> 924389.27 | E138: 2 | F138: =ROUND(+B138*D138*E138,2) -> 5546335.6 | G138: non-state
A139: Description2 | B139: 3 | C139: month | D139: =RAND()*1000000 -> 322016.52 | E139: 2 | F139: =ROUND(+B139*D139*E139,2) -> 1932099.1 | G139: non-state
F140: =ROUND(+B140*D140*E140,2) -> 0 | G140: non-state
F141: =ROUND(+B141*D141*E141,2) -> 0 | G141: non-state
F142: =ROUND(+B142*D142*E142,2) -> 0 | G142: non-state
F143: =ROUND(+B143*D143*E143,2) -> 0 | G143: non-state
F144: =ROUND(+B144*D144*E144,2) -> 0 | G144: non-state
F145: =ROUND(+B145*D145*E145,2) -> 0 | G145: non-state
F146: =ROUND(+B146*D146*E146,2) -> 0 | G146: non-state
F147: =ROUND(+B147*D147*E147,2) -> 0 | G147: non-state
F148: =ROUND(+B148*D148*E148,2) -> 0 | G148: non-state
F149: =ROUND(+B149*D149*E149,2) -> 0 | G149: non-state
F150: =ROUND(+B150*D150*E150,2) -> 0 | G150: non-state
F151: =ROUND(+B151*D151*E151,2) -> 0 | G151: non-state
... F265: =ROUND(+B265*D265*E265,2) -> 0 | G265: non-state
A266: description | B266: 3 | C266: month | D266: =RAND()*1000000 -> 559160.93 | E266: 2 | F266: =ROUND(+B266*D266*E266,2) -> 3354965.6 | G266: non-state
E267: NON-State Total | F267: =ROUND(SUBTOTAL(109,F136:F266),2) -> 12967017 | G267: non-state | I267: If you need additional rows, there are rows you can unhide
G268: keep
E269: Total Occupancy | F269: =+F267+F135 -> 29767331 | G269: keep | I269: This rows adds State & Non-State Totals
G270: keep
A271: Occupancy Narrative (State): | G271: state | I271: Give a brief description of items that you are claiming
A272: owrieuptopiwedgfisj | G272: state | I272: To add information on a new line, hold the Alt key and hit Enter. To change the row height, right click on the row number off to the left of the spreadsheet, then click on Row Height
G273: non-state
A274: Occupancy Narrative (Non-State) i.e. "Match" or "Other Funding" | G274: non-state | I274: Give a brief description of items that you are claiming
A275: weropuwioperdjij | G275: non-state | I275: To add information on a new line, hold the Alt key and hit Enter. To change the row height, right click on the row number off to the left of the spreadsheet, then click on Row Height

Sheet R & D 
A1: Section C - Budget Worksheet & Narrative | C1: =+'Section A'!B2 -> 0
A2: 10). Research & Development (R&D) (2 CFR 200.87)-- Definition: All research activities, both basic and applied, and all development activities that are performed by non-Federal entities directed toward the production of useful materials, devices, systems, or methods, including design and development of prototypes and processes. Provide a description of the research and development project and an estimate of the costs. NOTE: Consult with the program office before budgeting funds in this category.
A3: Purpose | B3: Description of Work | C3: Research & Development Cost | D3: Filter
A4: Purpose | B4: Description of Work | C4: =RAND()*1000000 -> 700760.9 | D4: state
A5: StatePurpose1 | B5: Description of Work | C5: =RAND()*1000000 -> 557910.22 | D5: state
A6: StatePurpose2 | B6: Description of Work | C6: =RAND()*1000000 -> 32505.807 | D6: state
C7: 0 | D7: state
C8: 0 | D8: state
C9: 0 | D9: state
C10: 0 | D10: state
C11: 0 | D11: state
C12: 0 | D12: state
C13: 0 | D13: state
C14: 0 | D14: state
C15: 0 | D15: state
C16: 0 | D16: state
C17: 0 | D17: state
C18: 0 | D18: state
... C132: 0 | D132: state
A133: Purpose | B133: Description of Work | C133: =RAND()*1000000 -> 43529.551 | D133: state
B134: State Total | C134: =ROUND(SUBTOTAL(109,C4:C133),2) -> 1334706.5 | D134: state | F134: If you need additional rows, there are rows you can unhide
D135: non-state
A136: purpose | B136: description of work | C136: =RAND()*1000000 -> 682895.11 | D136: non-state
A137: Non-StatePurpose1 | B137: Description of Work | C137: =RAND()*1000000 -> 344726.86 | D137: non-state
A138: Non-StatePurpose2 | B138: Description of Work | C138: =RAND()*1000000 -> 79027.687 | D138: non-state
C139: 0 | D139: non-state
C140: 0 | D140: non-state
C141: 0 | D141: non-state
C142: 0 | D142: non-state
C143: 0 | D143: non-state
C144: 0 | D144: non-state
C145: 0 | D145: non-state
C146: 0 | D146: non-state
C147: 0 | D147: non-state
C148: 0 | D148: non-state
C149: 0 | D149: non-state
C150: 0 | D150: non-state
... C264: 0 | D264: non-state
A265: purpose | B265: description of work | C265: =RAND()*1000000 -> 769746.82 | D265: non-state
B266: NON-State Total | C266: =ROUND(SUBTOTAL(109,C135:C265),2) -> 1876396.5 | D266: non-state | F266: If you need additional rows, there are rows you can unhide
D267: keep
B268: Total R & D | C268: =+C266+C134 -> 3211103 | D268: keep | F268: This rows adds State & Non-State Totals
D269: keep
A270: R & D Narrative (State): | D270: state | F270: Give a brief description of items that you are claiming
A271: foaipseufoisdjif | D271: state | F271: To add information on a new line, hold the Alt key and hit Enter. To change the row height, right click on the row number off to the left of the spreadsheet, then click on Row Height
D272: non-state
A273: R & D Narrative (Non-State) i.e. "Match" or "Other Funding" | D273: non-state | F273: Give a brief description of items that you are claiming
A274: egarpoigpoida | D274: non-state | F274: To add information on a new line, hold the Alt key and hit Enter. To change the row height, right click on the row number off to the left of the spreadsheet, then click on Row Height

Sheet Telecommunications 
A1: Section C - Budget Worksheet & Narrative | F1: =+'Section A'!B2 -> 0 | G1: Filter
A2: 11). Telecommunications -- List items and descriptions by major type and the basis of the computation. Explain how telecommunication expenses are allocated for distribution as an expense to the program/service. NOTE: This budgetary line item is to be used for direct program telecommunications, all other indirect or administrative telecommunication costs should be listed in the indirect expense section of the Budget worksheet and narrative. | G2: keep
G3: keep
A4: Description | B4: Quantity | C4: Basis | D4: Cost | E4: Length of time | F4: Telecommunications Cost | G4: keep
A5: Description | B5: 3 | C5: words | D5: =RAND()*100000 -> 97128.982 | E5: 3 | F5: =ROUND(+B5*D5*E5,2) -> 874160.83 | G5: state
A6: Description1 | B6: 3 | C6: words | D6: =RAND()*100000 -> 32061.729 | E6: 3 | F6: =ROUND(+B6*D6*E6,2) -> 288555.56 | G6: state
A7: Description2 | B7: 3 | C7: words | D7: =RAND()*100000 -> 5803.8209 | E7: 3 | F7: =ROUND(+B7*D7*E7,2) -> 52234.39 | G7: state
F8: =ROUND(+B8*D8*E8,2) -> 0 | G8: state
F9: =ROUND(+B9*D9*E9,2) -> 0 | G9: state
F10: =ROUND(+B10*D10*E10,2) -> 0 | G10: state
F11: =ROUND(+B11*D11*E11,2) -> 0 | G11: state
F12: =ROUND(+B12*D12*E12,2) -> 0 | G12: state
F13: =ROUND(+B13*D13*E13,2) -> 0 | G13: state
F14: =ROUND(+B14*D14*E14,2) -> 0 | G14: state
F15: =ROUND(+B15*D15*E15,2) -> 0 | G15: state
F16: =ROUND(+B16*D16*E16,2) -> 0 | G16: state
F17: =ROUND(+B17*D17*E17,2) -> 0 | G17: state
F18: =ROUND(+B18*D18*E18,2) -> 0 | G18: state
F19: =ROUND(+B19*D19*E19,2) -> 0 | G19: state
... F133: =ROUND(+B133*D133*E133,2) -> 0 | G133: state
A134: Description | B134: 3 | C134: words | D134: =RAND()*100000 -> 63281.342 | E134: 3 | F134: =ROUND(+B134*D134*E134,2) -> 569532.08 | G134: state
E135: State Total | F135: =ROUND(SUBTOTAL(109,F5:F134),2) -> 1784482.9 | G135: state | I135: If you need additional rows, there are rows you can unhide
G136: non-state
A137: description | B137: 3 | C137: words | D137: =RAND()*100000 -> 24811.638 | E137: 3 | F137: =ROUND(+B137*D137*E137,2) -> 223304.74 | G137: non-state
A138: Description1 | B138: 3 | C138: words | D138: =RAND()*100000 -> 50118.565 | E138: 3 | F138: =ROUND(+B138*D138*E138,2) -> 451067.09 | G138: non-state
A139: Description2 | B139: 3 | C139: words | D139: =RAND()*100000 -> 58544.484 | E139: 3 | F139: =ROUND(+B139*D139*E139,2) -> 526900.35 | G139: non-state
F140: =ROUND(+B140*D140*E140,2) -> 0 | G140: non-state
F141: =ROUND(+B141*D141*E141,2) -> 0 | G141: non-state
F142: =ROUND(+B142*D142*E142,2) -> 0 | G142: non-state
F143: =ROUND(+B143*D143*E143,2) -> 0 | G143: non-state
F144: =ROUND(+B144*D144*E144,2) -> 0 | G144: non-state
F145: =ROUND(+B145*D145*E145,2) -> 0 | G145: non-state
F146: =ROUND(+B146*D146*E146,2) -> 0 | G146: non-state
F147: =ROUND(+B147*D147*E147,2) -> 0 | G147: non-state
F148: =ROUND(+B148*D148*E148,2) -> 0 | G148: non-state
F149: =ROUND(+B149*D149*E149,2) -> 0 | G149: non-state
F150: =ROUND(+B150*D150*E150,2) -> 0 | G150: non-state
F151: =ROUND(+B151*D151*E151,2) -> 0 | G151: non-state
... F265: =ROUND(+B265*D265*E265,2) -> 0 | G265: non-state
A266: description | B266: 3 | C266: words | D266: =RAND()*100000 -> 75590.763 | E266: 3 | F266: =ROUND(+B266*D266*E266,2) -> 680316.87 | G266: non-state
E267: NON-State Total | F267: =ROUND(SUBTOTAL(109,F136:F266),2) -> 1881589.1 | G267: non-state | I267: If you need additional rows, there are rows you can unhide
G268: keep
C269: Total Telecommunications | F269: =+F267+F135 -> 3666071.9 | G269: keep | I269: This rows adds State & Non-State Totals
G270: keep
A271: Telecommunications Narrative (State): | G271: state | I271: Give a brief description of items that you are claiming
A272: afoiseudpoifjasdk | G272: state | I272: To add information on a new line, hold the Alt key and hit Enter. To change the row height, right click on the row number off to the left of the spreadsheet, then click on Row Height
G273: non-state
A274: Telecommunications Narrative (Non-State) i.e. "Match" or "Other Funding" | G274: non-state | I274: Give a brief description of items that you are claiming
A275: hrtjsgoidjfspoigjdf | G275: non-state | I275: To add information on a new line, hold the Alt key and hit Enter. To change the row height, right click on the row number off to the left of the spreadsheet, then click on Row Height

Sheet Training & Education
A1: Section C - Budget Worksheet & Narrative | F1: =+'Section A'!B2 -> 0 | G1: Filter
A2: 12). Training and Education (2 CFR 200.472) -- Describe the training and education cost associated with employee development. Include rental space for training (if required), training materials, speaker fees, substitute teacher fees, and any other applicable expenses related to the training. When training materials (pamphlets, notebooks, videos, and other various handouts) are ordered for specific training activities, these items should be itemized below. | G2: keep
G3: keep
A4: Description | B4: Quantity | C4: Basis | D4: Cost | E4: Length of time | F4: Training & Education Cost | G4: keep | I4: Length of time=# of units of Basis
A5: Description | B5: 4 | C5: words | D5: =RAND()*1000000 -> 699997.27 | E5: 3 | F5: =ROUND(+B5*D5*E5,2) -> 8399967.2 | G5: state
A6: Description1 | B6: 4 | C6: words | D6: =RAND()*1000000 -> 958653.77 | E6: 3 | F6: =ROUND(+B6*D6*E6,2) -> 11503845 | G6: state
A7: Description2 | B7: 4 | C7: words | D7: =RAND()*1000000 -> 156165.5 | E7: 3 | F7: =ROUND(+B7*D7*E7,2) -> 1873985.9 | G7: state
F8: =ROUND(+B8*D8*E8,2) -> 0 | G8: state
F9: =ROUND(+B9*D9*E9,2) -> 0 | G9: state
F10: =ROUND(+B10*D10*E10,2) -> 0 | G10: state
F11: =ROUND(+B11*D11*E11,2) -> 0 | G11: state
F12: =ROUND(+B12*D12*E12,2) -> 0 | G12: state
F13: =ROUND(+B13*D13*E13,2) -> 0 | G13: state
F14: =ROUND(+B14*D14*E14,2) -> 0 | G14: state
F15: =ROUND(+B15*D15*E15,2) -> 0 | G15: state
F16: =ROUND(+B16*D16*E16,2) -> 0 | G16: state
F17: =ROUND(+B17*D17*E17,2) -> 0 | G17: state
F18: =ROUND(+B18*D18*E18,2) -> 0 | G18: state
F19: =ROUND(+B19*D19*E19,2) -> 0 | G19: state
... F133: =ROUND(+B133*D133*E133,2) -> 0 | G133: state
A134: Description | B134: 4 | C134: words | D134: =RAND()*1000000 -> 237347.75 | E134: 3 | F134: =ROUND(+B134*D134*E134,2) -> 2848173 | G134: state
E135: State Total | F135: =ROUND(SUBTOTAL(109,F5:F134),2) -> 24625971 | G135: state | I135: If you need additional rows, there are rows you can unhide
G136: non-state
A137: description | B137: 4 | C137: words | D137: =RAND()*1000000 -> 984056.03 | E137: 3 | F137: =ROUND(+B137*D137*E137,2) -> 11808672 | G137: non-state
A138: Description1 | B138: 4 | C138: words | D138: =RAND()*1000000 -> 627440.15 | E138: 3 | F138: =ROUND(+B138*D138*E138,2) -> 7529281.9 | G138: non-state
F139: =ROUND(+B139*D139*E139,2) -> 0 | G139: non-state
F140: =ROUND(+B140*D140*E140,2) -> 0 | G140: non-state
F141: =ROUND(+B141*D141*E141,2) -> 0 | G141: non-state
F142: =ROUND(+B142*D142*E142,2) -> 0 | G142: non-state
F143: =ROUND(+B143*D143*E143,2) -> 0 | G143: non-state
F144: =ROUND(+B144*D144*E144,2) -> 0 | G144: non-state
F145: =ROUND(+B145*D145*E145,2) -> 0 | G145: non-state
F146: =ROUND(+B146*D146*E146,2) -> 0 | G146: non-state
F147: =ROUND(+B147*D147*E147,2) -> 0 | G147: non-state
F148: =ROUND(+B148*D148*E148,2) -> 0 | G148: non-state
F149: =ROUND(+B149*D149*E149,2) -> 0 | G149: non-state
F150: =ROUND(+B150*D150*E150,2) -> 0 | G150: non-state
... F265: =ROUND(+B265*D265*E265,2) -> 0 | G265: non-state
A266: description | B266: 4 | C266: words | D266: =RAND()*1000000 -> 165536.81 | E266: 3 | F266: =ROUND(+B266*D266*E266,2) -> 1986441.7 | G266: non-state
E267: NON-State Total | F267: =ROUND(SUBTOTAL(109,F136:F266),2) -> 21324396 | G267: non-state | I267: If you need additional rows, there are rows you can unhide
G268: keep
C269: Total Training & Education | F269: =+F267+F135 -> 45950367 | G269: keep | I269: This rows adds State & Non-State Totals
G270: keep
A271: Training & Education Narrative (State): | G271: state | I271: Give a brief description of items that you are claiming
A272: afoipaeuspoifausjf | G272: state | I272: To add information on a new line, hold the Alt key and hit Enter. To change the row height, right click on the row number off to the left of the spreadsheet, then click on Row Height
G273: non-state
A274: Training & Education Narrative (Non-State) i.e. "Match" or "Other Funding" | G274: non-state | I274: Give a brief description of items that you are claiming
A275: yreuopigur89sguydio | G275: non-state | I275: To add information on a new line, hold the Alt key and hit Enter. To change the row height, right click on the row number off to the left of the spreadsheet, then click on Row Height

Sheet Miscellaneous (other) Costs 
A1: Section C - Budget Worksheet & Narrative | F1: =+'Section A'!B2 -> 0 | G1: Filter
A2: 14). Other or Miscellaneous Costs --This category contains items not included in the previous categories. List items by type of material or nature of expense, break down costs by quantity and cost per unit if applicable, state the necessity of other costs for successful completion of the project and exclude unallowable costs (e.g.. Printing, Memberships & subscriptions, recruiting costs, etc.) | G2: keep
G3: keep
A4: Description | B4: Quantity | C4: Basis | D4: Cost | E4: Length of time | F4: Other or Miscellaneous Cost | G4: keep | I4: Length of time=# of units of Basis
F5: =ROUND(+B5*D5*E5,2) -> 0 | G5: state
F6: =ROUND(+B6*D6*E6,2) -> 0 | G6: state
F7: =ROUND(+B7*D7*E7,2) -> 0 | G7: state
F8: =ROUND(+B8*D8*E8,2) -> 0 | G8: state
F9: =ROUND(+B9*D9*E9,2) -> 0 | G9: state
F10: =ROUND(+B10*D10*E10,2) -> 0 | G10: state
F11: =ROUND(+B11*D11*E11,2) -> 0 | G11: state
F12: =ROUND(+B12*D12*E12,2) -> 0 | G12: state
F13: =ROUND(+B13*D13*E13,2) -> 0 | G13: state
F14: =ROUND(+B14*D14*E14,2) -> 0 | G14: state
F15: =ROUND(+B15*D15*E15,2) -> 0 | G15: state
F16: =ROUND(+B16*D16*E16,2) -> 0 | G16: state
... F134: =ROUND(+B134*D134*E134,2) -> 0 | G134: state
E135: State Total | F135: =ROUND(SUBTOTAL(109,F5:F134),2) -> 0 | G135: state | I135: If you need additional rows, there are rows you can unhide
G136: non-state
F137: =ROUND(+B137*D137*E137,2) -> 0 | G137: non-state
F138: =ROUND(+B138*D138*E138,2) -> 0 | G138: non-state
F139: =ROUND(+B139*D139*E139,2) -> 0 | G139: non-state
F140: =ROUND(+B140*D140*E140,2) -> 0 | G140: non-state
F141: =ROUND(+B141*D141*E141,2) -> 0 | G141: non-state
F142: =ROUND(+B142*D142*E142,2) -> 0 | G142: non-state
F143: =ROUND(+B143*D143*E143,2) -> 0 | G143: non-state
F144: =ROUND(+B144*D144*E144,2) -> 0 | G144: non-state
F145: =ROUND(+B145*D145*E145,2) -> 0 | G145: non-state
F146: =ROUND(+B146*D146*E146,2) -> 0 | G146: non-state
F147: =ROUND(+B147*D147*E147,2) -> 0 | G147: non-state
F148: =ROUND(+B148*D148*E148,2) -> 0 | G148: non-state
... F266: =ROUND(+B266*D266*E266,2) -> 0 | G266: non-state
E267: NON-State Total | F267: =ROUND(SUBTOTAL(109,F136:F266),2) -> 0 | G267: non-state | I267: If you need additional rows, there are rows you can unhide
G268: keep
C269: Total Other Costs | F269: =+F267+F135 -> 0 | G269: keep | I269: This rows adds State & Non-State Totals
G270: keep
A271: Other Costs Narrative (State): | G271: state | I271: Give a brief description of items that you are claiming
G272: state | I272: To add information on a new line, hold the Alt key and hit Enter. To change the row height, right click on the row number off to the left of the spreadsheet, then click on Row Height
G273: non-state
A274: Other Cost Narrative (Non-State) i.e. "Match" or "Other Funding" | G274: non-state | I274: Give a brief description of items that you are claiming
G275: non-state | I275: To add information on a new line, hold the Alt key and hit Enter. To change the row height, right click on the row number off to the left of the spreadsheet, then click on Row Height

Sheet Direct Administrative 
A1: Section C - Budget Worksheet & Narrative | G1: =+'Section A'!B2 -> 0 | H1: Filter
A2: 13). Direct Administrative Costs - (2 CFR 200.413 (c) The salaries of administrative and clerical staff should normally be treated as indirect (F&A) costs. Direct charging of these costs may be appropriate only if all of the following conditions are met: (1) Administrative or clerical services are integral to a project or activity; (2) Individuals involved can be specifically identified with the project or activity; (3) Such costs are explicitly included in the budget or have the prior written approval of the State awarding agency; and (4) The costs are not also recovered as indirect costs. | H2: keep
H3: keep
A4: Name | B4: Position | C4: Salary or Wage | D4: Basis (Yr./Mo./Hr.) | E4: % of Time | F4: Length of time | G4: Direct Administrative Cost | H4: keep | J4: Length of time=# of units of Basis
A5: Name | B5: Position | C5: =RAND()*1000000 -> 245862.52 | D5: Month | E5: 0.07 | F5: 3 | G5: =ROUND(+C5*E5*F5,2) -> 51631.13 | H5: state
A6: Name1 | B6: Position | C6: =RAND()*1000000 -> 502050.88 | D6: Month | E6: 0.07 | F6: 3 | G6: =ROUND(+C6*E6*F6,2) -> 105430.68 | H6: state
A7: Name2 | B7: Position | C7: =RAND()*1000000 -> 774042.05 | D7: Month | E7: 0.07 | F7: 3 | G7: =ROUND(+C7*E7*F7,2) -> 162548.83 | H7: state
G8: =ROUND(+C8*E8*F8,2) -> 0 | H8: state
G9: =ROUND(+C9*E9*F9,2) -> 0 | H9: state
G10: =ROUND(+C10*E10*F10,2) -> 0 | H10: state
G11: =ROUND(+C11*E11*F11,2) -> 0 | H11: state
G12: =ROUND(+C12*E12*F12,2) -> 0 | H12: state
G13: =ROUND(+C13*E13*F13,2) -> 0 | H13: state
G14: =ROUND(+C14*E14*F14,2) -> 0 | H14: state
G15: =ROUND(+C15*E15*F15,2) -> 0 | H15: state
G16: =ROUND(+C16*E16*F16,2) -> 0 | H16: state
G17: =ROUND(+C17*E17*F17,2) -> 0 | H17: state
G18: =ROUND(+C18*E18*F18,2) -> 0 | H18: state
G19: =ROUND(+C19*E19*F19,2) -> 0 | H19: state
... G133: =ROUND(+C133*E133*F133,2) -> 0 | H133: state
A134: Name | B134: Position | C134: =RAND()*1000000 -> 947358.64 | D134: Month | E134: 0.07 | F134: 3 | G134: =ROUND(+C134*E134*F134,2) -> 198945.31 | H134: state
F135: State Total | G135: =ROUND(SUBTOTAL(109,G5:G134),2) -> 518555.95 | H135: state | J135: If you need additional rows, there are rows you can unhide
H136: non-state
A137: name | B137: postion | C137: =RAND()*1000000 -> 465439.37 | D137: Year | E137: 0.07 | F137: 3 | G137: =ROUND(+C137*E137*F137,2) -> 97742.27 | H137: non-state
A138: Name1 | B138: Position | C138: =RAND()*1000000 -> 985766.36 | D138: Month | E138: 0.07 | F138: 3 | G138: =ROUND(+C138*E138*F138,2) -> 207010.94 | H138: non-state
A139: Name2 | B139: Position | C139: =RAND()*1000000 -> 927452.81 | D139: Month | E139: 0.07 | F139: 3 | G139: =ROUND(+C139*E139*F139,2) -> 194765.09 | H139: non-state
G140: =ROUND(+C140*E140*F140,2) -> 0 | H140: non-state
G141: =ROUND(+C141*E141*F141,2) -> 0 | H141: non-state
G142: =ROUND(+C142*E142*F142,2) -> 0 | H142: non-state
G143: =ROUND(+C143*E143*F143,2) -> 0 | H143: non-state
G144: =ROUND(+C144*E144*F144,2) -> 0 | H144: non-state
G145: =ROUND(+C145*E145*F145,2) -> 0 | H145: non-state
G146: =ROUND(+C146*E146*F146,2) -> 0 | H146: non-state
G147: =ROUND(+C147*E147*F147,2) -> 0 | H147: non-state
G148: =ROUND(+C148*E148*F148,2) -> 0 | H148: non-state
G149: =ROUND(+C149*E149*F149,2) -> 0 | H149: non-state
G150: =ROUND(+C150*E150*F150,2) -> 0 | H150: non-state
G151: =ROUND(+C151*E151*F151,2) -> 0 | H151: non-state
... G265: =ROUND(+C265*E265*F265,2) -> 0 | H265: non-state
A266: name | B266: position | C266: =RAND()*1000000 -> 157691.2 | D266: Hour | E266: 0.07 | F266: 3 | G266: =ROUND(+C266*E266*F266,2) -> 33115.15 | H266: non-state
F267: NON-State Total | G267: =ROUND(SUBTOTAL(109,G136:G266),2) -> 532633.45 | H267: non-state | J267: If you need additional rows, there are rows you can unhide
H268: keep
D269: Total Direct Administrative Costs | G269: =+G267+G135 -> 1051189.4 | H269: keep | J269: This rows adds State & Non-State Totals
H270: keep
A271: Direct Administrative Narrative (State): | H271: state | J271: Give a brief description of items that you are claiming
A272: raopiutpo4wiupaoidjf | H272: state | J272: To add information on a new line, hold the Alt key and hit Enter. To change the row height, right click on the row number off to the left of the spreadsheet, then click on Row Height
H273: non-state
A274: Direct Administrative Narrative (Non-State) i.e. "Match" or "Other Funding" | H274: non-state | J274: Give a brief description of items that you are claiming
A275: gsdoifu90834798t | H275: non-state | J275: To add information on a new line, hold the Alt key and hit Enter. To change the row height, right click on the row number off to the left of the spreadsheet, then click on Row Height

Sheet 15A
A1: Section C - Budget Worksheet & Narrative | F1: =+'Section A'!B2 -> 0 | G1: Filter
A2: 15A. | B2: Acquisition
A3: Costs directly related to the service or activity of the program that is an integral line item for budgetary purposes. To use this budgetary line item, an applicant must have Program approval. (Please cite reference per statute for unique costs directly related to the service or activity of the program). | G3: keep
G4: keep
A5: Description | B5: Quantity | C5: Basis | D5: Cost | E5: Length of time | F5: Total Cost | G5: keep | I5: Length of time=# of units of Basis
F6: =ROUND(+B6*D6*E6,2) -> 0 | G6: state
F7: =ROUND(+B7*D7*E7,2) -> 0 | G7: state
F8: =ROUND(+B8*D8*E8,2) -> 0 | G8: state
F9: =ROUND(+B9*D9*E9,2) -> 0 | G9: state
F10: =ROUND(+B10*D10*E10,2) -> 0 | G10: state
F11: =ROUND(+B11*D11*E11,2) -> 0 | G11: state
F12: =ROUND(+B12*D12*E12,2) -> 0 | G12: state
F13: =ROUND(+B13*D13*E13,2) -> 0 | G13: state
F14: =ROUND(+B14*D14*E14,2) -> 0 | G14: state
F15: =ROUND(+B15*D15*E15,2) -> 0 | G15: state
F16: =ROUND(+B16*D16*E16,2) -> 0 | G16: state
F17: =ROUND(+B17*D17*E17,2) -> 0 | G17: state
... F135: =ROUND(+B135*D135*E135,2) -> 0 | G135: state
E136: State Total | F136: =ROUND(SUBTOTAL(109,F6:F135),2) -> 0 | G136: state | I136: If you need additional rows, there are rows you can unhide
G137: non-state
F138: =ROUND(+B138*D138*E138,2) -> 0 | G138: non-state
F139: =ROUND(+B139*D139*E139,2) -> 0 | G139: non-state
F140: =ROUND(+B140*D140*E140,2) -> 0 | G140: non-state
F141: =ROUND(+B141*D141*E141,2) -> 0 | G141: non-state
F142: =ROUND(+B142*D142*E142,2) -> 0 | G142: non-state
F143: =ROUND(+B143*D143*E143,2) -> 0 | G143: non-state
F144: =ROUND(+B144*D144*E144,2) -> 0 | G144: non-state
F145: =ROUND(+B145*D145*E145,2) -> 0 | G145: non-state
F146: =ROUND(+B146*D146*E146,2) -> 0 | G146: non-state
F147: =ROUND(+B147*D147*E147,2) -> 0 | G147: non-state
F148: =ROUND(+B148*D148*E148,2) -> 0 | G148: non-state
F149: =ROUND(+B149*D149*E149,2) -> 0 | G149: non-state
... F267: =ROUND(+B267*D267*E267,2) -> 0 | G267: non-state
E268: NON-State Total | F268: =ROUND(SUBTOTAL(109,F137:F267),2) -> 0 | G268: non-state | I268: If you need additional rows, there are rows you can unhide
G269: keep
C270: ="Total "&B2 -> Total Acquisition | F270: =+F268+F136 -> 0 | G270: keep | I270: This rows adds State & Non-State Totals
G271: keep
A272: =B2&" Narrative (State):" -> Acquisition Narrative (State): | G272: state | I272: Give a brief description of items that you are claiming
G273: state | I273: To add information on a new line, hold the Alt key and hit Enter. To change the row height, right click on the row number off to the left of the spreadsheet, then click on Row Height
G274: non-state
A275: =B2&" Narrative (Non-State) i.e. Match or Other Funding" -> Acquisition Narrative (Non-State) i.e. Match or Other Funding | G275: non-state | I275: Give a brief description of items that you are claiming
G276: non-state | I276: To add information on a new line, hold the Alt key and hit Enter. To change the row height, right click on the row number off to the left of the spreadsheet, then click on Row Height

Sheet 15B
A1: Section C - Budget Worksheet & Narrative | F1: =+'Section A'!B2 -> 0 | G1: Filter
A2: 15B. | B2: GRANT EXCLUSIVE LINE ITEM
A3: Costs directly related to the service or activity of the program that is an integral line item for budgetary purposes. To use this budgetary line item, an applicant must have Program approval. (Please cite reference per statute for unique costs directly related to the service or activity of the program). | G3: keep
G4: keep
A5: Description | B5: Quantity | C5: Basis | D5: Cost | E5: Length of time | F5: Total Cost | G5: keep | I5: Length of time=# of units of Basis
A6: Description | B6: 3 | C6: month | D6: =RAND()*400000 -> 66064.008 | E6: 7 | F6: =ROUND(+B6*D6*E6,2) -> 1387344.2 | G6: state
A7: Description1 | B7: 3 | C7: month | D7: =RAND()*400000 -> 163501.51 | E7: 7 | F7: =ROUND(+B7*D7*E7,2) -> 3433531.7 | G7: state
A8: Description2 | B8: 3 | C8: month | D8: =RAND()*400000 -> 348112.5 | E8: 7 | F8: =ROUND(+B8*D8*E8,2) -> 7310362.4 | G8: state
F9: =ROUND(+B9*D9*E9,2) -> 0 | G9: state
F10: =ROUND(+B10*D10*E10,2) -> 0 | G10: state
F11: =ROUND(+B11*D11*E11,2) -> 0 | G11: state
F12: =ROUND(+B12*D12*E12,2) -> 0 | G12: state
F13: =ROUND(+B13*D13*E13,2) -> 0 | G13: state
F14: =ROUND(+B14*D14*E14,2) -> 0 | G14: state
F15: =ROUND(+B15*D15*E15,2) -> 0 | G15: state
F16: =ROUND(+B16*D16*E16,2) -> 0 | G16: state
F17: =ROUND(+B17*D17*E17,2) -> 0 | G17: state
F18: =ROUND(+B18*D18*E18,2) -> 0 | G18: state
F19: =ROUND(+B19*D19*E19,2) -> 0 | G19: state
F20: =ROUND(+B20*D20*E20,2) -> 0 | G20: state
... F134: =ROUND(+B134*D134*E134,2) -> 0 | G134: state
A135: Description | B135: 3 | C135: month | D135: =RAND()*400000 -> 225774 | E135: 7 | F135: =ROUND(+B135*D135*E135,2) -> 4741254 | G135: state
E136: State Total | F136: =ROUND(SUBTOTAL(109,F6:F135),2) -> 16872492 | G136: state | I136: If you need additional rows, there are rows you can unhide
G137: non-state
A138: description | B138: 3 | C138: month | D138: =RAND()*400000 -> 85350.076 | E138: 7 | F138: =ROUND(+B138*D138*E138,2) -> 1792351.6 | G138: non-state
A139: Description1 | B139: 3 | C139: month | D139: =RAND()*400000 -> 382506.86 | E139: 7 | F139: =ROUND(+B139*D139*E139,2) -> 8032644.1 | G139: non-state
A140: Description2 | B140: 3 | C140: month | D140: =RAND()*400000 -> 335596.71 | E140: 7 | F140: =ROUND(+B140*D140*E140,2) -> 7047531 | G140: non-state
F141: =ROUND(+B141*D141*E141,2) -> 0 | G141: non-state
F142: =ROUND(+B142*D142*E142,2) -> 0 | G142: non-state
F143: =ROUND(+B143*D143*E143,2) -> 0 | G143: non-state
F144: =ROUND(+B144*D144*E144,2) -> 0 | G144: non-state
F145: =ROUND(+B145*D145*E145,2) -> 0 | G145: non-state
F146: =ROUND(+B146*D146*E146,2) -> 0 | G146: non-state
F147: =ROUND(+B147*D147*E147,2) -> 0 | G147: non-state
F148: =ROUND(+B148*D148*E148,2) -> 0 | G148: non-state
F149: =ROUND(+B149*D149*E149,2) -> 0 | G149: non-state
F150: =ROUND(+B150*D150*E150,2) -> 0 | G150: non-state
F151: =ROUND(+B151*D151*E151,2) -> 0 | G151: non-state
F152: =ROUND(+B152*D152*E152,2) -> 0 | G152: non-state
... F266: =ROUND(+B266*D266*E266,2) -> 0 | G266: non-state
A267: description | B267: 3 | C267: month | D267: =RAND()*400000 -> 43598.65 | E267: 7 | F267: =ROUND(+B267*D267*E267,2) -> 915571.65 | G267: non-state
E268: NON-State Total | F268: =ROUND(SUBTOTAL(109,F137:F267),2) -> 17788098 | G268: non-state | I268: If you need additional rows, there are rows you can unhide
G269: keep
C270: ="Total "&B2 -> Total GRANT EXCLUSIVE LINE ITEM | F270: =+F268+F136 -> 34660590 | G270: keep | I270: This rows adds State & Non-State Totals
G271: keep
A272: =B2&" Narrative (State):" -> GRANT EXCLUSIVE LINE ITEM Narrative (State): | G272: state | I272: Give a brief description of items that you are claiming
A273: apfosedipfoawei[opfd | G273: state | I273: To add information on a new line, hold the Alt key and hit Enter. To change the row height, right click on the row number off to the left of the spreadsheet, then click on Row Height
G274: non-state
A275: =B2&" Narrative (Non-State) i.e. Match or Other Funding" -> GRANT EXCLUSIVE LINE ITEM Narrative (Non-State) i.e. Match or Other Funding | G275: non-state | I275: Give a brief description of items that you are claiming
A276: 4903qt78908erug98wge | G276: non-state | I276: To add information on a new line, hold the Alt key and hit Enter. To change the row height, right click on the row number off to the left of the spreadsheet, then click on Row Height

Sheet 15C
A1: Section C - Budget Worksheet & Narrative | F1: =+'Section A'!B2 -> 0 | G1: Filter
A2: 15C. | B2: GRANT EXCLUSIVE LINE ITEM
A3: Costs directly related to the service or activity of the program that is an integral line item for budgetary purposes. To use this budgetary line item, an applicant must have Program approval. (Please cite reference per statute for unique costs directly related to the service or activity of the program). | G3: keep
G4: keep
A5: Description | B5: Quantity | C5: Basis | D5: Cost | E5: Length of time | F5: Total Cost | G5: keep | I5: Length of time=# of units of Basis
A6: Description | B6: 3 | C6: month | D6: =RAND()*400000 -> 307876.08 | E6: 7 | F6: =ROUND(+B6*D6*E6,2) -> 6465397.7 | G6: state
A7: Description1 | B7: 3 | C7: month | D7: =RAND()*400000 -> 219954.79 | E7: 7 | F7: =ROUND(+B7*D7*E7,2) -> 4619050.7 | G7: state
A8: Description2 | B8: 3 | C8: month | D8: =RAND()*400000 -> 333326.65 | E8: 7 | F8: =ROUND(+B8*D8*E8,2) -> 6999859.7 | G8: state
F9: =ROUND(+B9*D9*E9,2) -> 0 | G9: state
F10: =ROUND(+B10*D10*E10,2) -> 0 | G10: state
F11: =ROUND(+B11*D11*E11,2) -> 0 | G11: state
F12: =ROUND(+B12*D12*E12,2) -> 0 | G12: state
F13: =ROUND(+B13*D13*E13,2) -> 0 | G13: state
F14: =ROUND(+B14*D14*E14,2) -> 0 | G14: state
F15: =ROUND(+B15*D15*E15,2) -> 0 | G15: state
F16: =ROUND(+B16*D16*E16,2) -> 0 | G16: state
F17: =ROUND(+B17*D17*E17,2) -> 0 | G17: state
F18: =ROUND(+B18*D18*E18,2) -> 0 | G18: state
F19: =ROUND(+B19*D19*E19,2) -> 0 | G19: state
F20: =ROUND(+B20*D20*E20,2) -> 0 | G20: state
... F134: =ROUND(+B134*D134*E134,2) -> 0 | G134: state
A135: Description | B135: 3 | C135: month | D135: =RAND()*400000 -> 376530.28 | E135: 7 | F135: =ROUND(+B135*D135*E135,2) -> 7907135.9 | G135: state
E136: State Total | F136: =ROUND(SUBTOTAL(109,F6:F135),2) -> 25991444 | G136: state | I136: If you need additional rows, there are rows you can unhide
G137: non-state
A138: description | B138: 3 | C138: month | D138: =RAND()*400000 -> 264556.25 | E138: 7 | F138: =ROUND(+B138*D138*E138,2) -> 5555681.3 | G138: non-state
A139: Description1 | B139: 3 | C139: month | D139: =RAND()*400000 -> 145496.89 | E139: 7 | F139: =ROUND(+B139*D139*E139,2) -> 3055434.8 | G139: non-state
A140: Description2 | B140: 3 | C140: month | D140: =RAND()*400000 -> 222969.38 | E140: 7 | F140: =ROUND(+B140*D140*E140,2) -> 4682357.1 | G140: non-state
F141: =ROUND(+B141*D141*E141,2) -> 0 | G141: non-state
F142: =ROUND(+B142*D142*E142,2) -> 0 | G142: non-state
F143: =ROUND(+B143*D143*E143,2) -> 0 | G143: non-state
F144: =ROUND(+B144*D144*E144,2) -> 0 | G144: non-state
F145: =ROUND(+B145*D145*E145,2) -> 0 | G145: non-state
F146: =ROUND(+B146*D146*E146,2) -> 0 | G146: non-state
F147: =ROUND(+B147*D147*E147,2) -> 0 | G147: non-state
F148: =ROUND(+B148*D148*E148,2) -> 0 | G148: non-state
F149: =ROUND(+B149*D149*E149,2) -> 0 | G149: non-state
F150: =ROUND(+B150*D150*E150,2) -> 0 | G150: non-state
F151: =ROUND(+B151*D151*E151,2) -> 0 | G151: non-state
F152: =ROUND(+B152*D152*E152,2) -> 0 | G152: non-state
... F266: =ROUND(+B266*D266*E266,2) -> 0 | G266: non-state
A267: description | B267: 3 | C267: month | D267: =RAND()*400000 -> 108138.09 | E267: 7 | F267: =ROUND(+B267*D267*E267,2) -> 2270899.9 | G267: non-state
E268: NON-State Total | F268: =ROUND(SUBTOTAL(109,F137:F267),2) -> 15564373 | G268: non-state | I268: If you need additional rows, there are rows you can unhide
G269: keep
C270: ="Total "&B2 -> Total GRANT EXCLUSIVE LINE ITEM | F270: =+F268+F136 -> 41555817 | G270: keep | I270: This rows adds State & Non-State Totals
G271: keep
A272: =B2&" Narrative (State):" -> GRANT EXCLUSIVE LINE ITEM Narrative (State): | G272: state | I272: Give a brief description of items that you are claiming
A273: apfosedipfoawei[opfd | G273: state | I273: To add information on a new line, hold the Alt key and hit Enter. To change the row height, right click on the row number off to the left of the spreadsheet, then click on Row Height
G274: non-state
A275: =B2&" Narrative (Non-State) i.e. Match or Other Funding" -> GRANT EXCLUSIVE LINE ITEM Narrative (Non-State) i.e. Match or Other Funding | G275: non-state | I275: Give a brief description of items that you are claiming
A276: 4903qt78908erug98wge | G276: non-state | I276: To add information on a new line, hold the Alt key and hit Enter. To change the row height, right click on the row number off to the left of the spreadsheet, then click on Row Height

Sheet 15D
A1: Section C - Budget Worksheet & Narrative | F1: =+'Section A'!B2 -> 0 | G1: Filter
A2: 15D. | B2: GRANT EXCLUSIVE LINE ITEM
A3: Costs directly related to the service or activity of the program that is an integral line item for budgetary purposes. To use this budgetary line item, an applicant must have Program approval. (Please cite reference per statute for unique costs directly related to the service or activity of the program). | G3: keep
G4: keep
A5: Description | B5: Quantity | C5: Basis | D5: Cost | E5: Length of time | F5: Total Cost | G5: keep | I5: Length of time=# of units of Basis
A6: Description | B6: 3 | C6: month | D6: =RAND()*400000 -> 361295.11 | E6: 7 | F6: =ROUND(+B6*D6*E6,2) -> 7587197.2 | G6: state
A7: Description1 | B7: 3 | C7: month | D7: =RAND()*400000 -> 173447.97 | E7: 7 | F7: =ROUND(+B7*D7*E7,2) -> 3642407.3 | G7: state
A8: Description2 | B8: 3 | C8: month | D8: =RAND()*400000 -> 262770.92 | E8: 7 | F8: =ROUND(+B8*D8*E8,2) -> 5518189.3 | G8: state
F9: =ROUND(+B9*D9*E9,2) -> 0 | G9: state
F10: =ROUND(+B10*D10*E10,2) -> 0 | G10: state
F11: =ROUND(+B11*D11*E11,2) -> 0 | G11: state
F12: =ROUND(+B12*D12*E12,2) -> 0 | G12: state
F13: =ROUND(+B13*D13*E13,2) -> 0 | G13: state
F14: =ROUND(+B14*D14*E14,2) -> 0 | G14: state
F15: =ROUND(+B15*D15*E15,2) -> 0 | G15: state
F16: =ROUND(+B16*D16*E16,2) -> 0 | G16: state
F17: =ROUND(+B17*D17*E17,2) -> 0 | G17: state
F18: =ROUND(+B18*D18*E18,2) -> 0 | G18: state
F19: =ROUND(+B19*D19*E19,2) -> 0 | G19: state
F20: =ROUND(+B20*D20*E20,2) -> 0 | G20: state
... F134: =ROUND(+B134*D134*E134,2) -> 0 | G134: state
A135: Description | B135: 3 | C135: month | D135: =RAND()*400000 -> 15144.486 | E135: 7 | F135: =ROUND(+B135*D135*E135,2) -> 318034.2 | G135: state
E136: State Total | F136: =ROUND(SUBTOTAL(109,F6:F135),2) -> 17065828 | G136: state | I136: If you need additional rows, there are rows you can unhide
G137: non-state
A138: description | B138: 3 | C138: month | D138: =RAND()*400000 -> 325861.86 | E138: 7 | F138: =ROUND(+B138*D138*E138,2) -> 6843099 | G138: non-state
A139: Description1 | B139: 3 | C139: month | D139: =RAND()*400000 -> 286618.66 | E139: 7 | F139: =ROUND(+B139*D139*E139,2) -> 6018991.9 | G139: non-state
A140: Description2 | B140: 3 | C140: month | D140: =RAND()*400000 -> 144968.78 | E140: 7 | F140: =ROUND(+B140*D140*E140,2) -> 3044344.3 | G140: non-state
F141: =ROUND(+B141*D141*E141,2) -> 0 | G141: non-state
F142: =ROUND(+B142*D142*E142,2) -> 0 | G142: non-state
F143: =ROUND(+B143*D143*E143,2) -> 0 | G143: non-state
F144: =ROUND(+B144*D144*E144,2) -> 0 | G144: non-state
F145: =ROUND(+B145*D145*E145,2) -> 0 | G145: non-state
F146: =ROUND(+B146*D146*E146,2) -> 0 | G146: non-state
F147: =ROUND(+B147*D147*E147,2) -> 0 | G147: non-state
F148: =ROUND(+B148*D148*E148,2) -> 0 | G148: non-state
F149: =ROUND(+B149*D149*E149,2) -> 0 | G149: non-state
F150: =ROUND(+B150*D150*E150,2) -> 0 | G150: non-state
F151: =ROUND(+B151*D151*E151,2) -> 0 | G151: non-state
F152: =ROUND(+B152*D152*E152,2) -> 0 | G152: non-state
... F266: =ROUND(+B266*D266*E266,2) -> 0 | G266: non-state
A267: description | B267: 3 | C267: month | D267: =RAND()*400000 -> 286931.6 | E267: 7 | F267: =ROUND(+B267*D267*E267,2) -> 6025563.7 | G267: non-state
E268: NON-State Total | F268: =ROUND(SUBTOTAL(109,F137:F267),2) -> 21931999 | G268: non-state | I268: If you need additional rows, there are rows you can unhide
G269: keep
C270: ="Total "&B2 -> Total GRANT EXCLUSIVE LINE ITEM | F270: =+F268+F136 -> 38997827 | G270: keep | I270: This rows adds State & Non-State Totals
G271: keep
A272: =B2&" Narrative (State):" -> GRANT EXCLUSIVE LINE ITEM Narrative (State): | G272: state | I272: Give a brief description of items that you are claiming
A273: apfosedipfoawei[opfd | G273: state | I273: To add information on a new line, hold the Alt key and hit Enter. To change the row height, right click on the row number off to the left of the spreadsheet, then click on Row Height
G274: non-state
A275: =B2&" Narrative (Non-State) i.e. Match or Other Funding" -> GRANT EXCLUSIVE LINE ITEM Narrative (Non-State) i.e. Match or Other Funding | G275: non-state | I275: Give a brief description of items that you are claiming
A276: 4903qt78908erug98wge | G276: non-state | I276: To add information on a new line, hold the Alt key and hit Enter. To change the row height, right click on the row number off to the left of the spreadsheet, then click on Row Height

Sheet 15E
A1: Section C - Budget Worksheet & Narrative | F1: =+'Section A'!B2 -> 0 | G1: Filter
A2: 15E. | B2: GRANT EXCLUSIVE LINE ITEM
A3: Costs directly related to the service or activity of the program that is an integral line item for budgetary purposes. To use this budgetary line item, an applicant must have Program approval. (Please cite reference per statute for unique costs directly related to the service or activity of the program). | G3: keep
G4: keep
A5: Description | B5: Quantity | C5: Basis | D5: Cost | E5: Length of time | F5: Total Cost | G5: keep | I5: Length of time=# of units of Basis
A6: Description | B6: 3 | C6: month | D6: =RAND()*400000 -> 93368.557 | E6: 7 | F6: =ROUND(+B6*D6*E6,2) -> 1960739.7 | G6: state
A7: Description1 | B7: 3 | C7: month | D7: =RAND()*400000 -> 273098.67 | E7: 7 | F7: =ROUND(+B7*D7*E7,2) -> 5735072.1 | G7: state
A8: Description2 | B8: 3 | C8: month | D8: =RAND()*400000 -> 51798.897 | E8: 7 | F8: =ROUND(+B8*D8*E8,2) -> 1087776.8 | G8: state
F9: =ROUND(+B9*D9*E9,2) -> 0 | G9: state
F10: =ROUND(+B10*D10*E10,2) -> 0 | G10: state
F11: =ROUND(+B11*D11*E11,2) -> 0 | G11: state
F12: =ROUND(+B12*D12*E12,2) -> 0 | G12: state
F13: =ROUND(+B13*D13*E13,2) -> 0 | G13: state
F14: =ROUND(+B14*D14*E14,2) -> 0 | G14: state
F15: =ROUND(+B15*D15*E15,2) -> 0 | G15: state
F16: =ROUND(+B16*D16*E16,2) -> 0 | G16: state
F17: =ROUND(+B17*D17*E17,2) -> 0 | G17: state
F18: =ROUND(+B18*D18*E18,2) -> 0 | G18: state
F19: =ROUND(+B19*D19*E19,2) -> 0 | G19: state
F20: =ROUND(+B20*D20*E20,2) -> 0 | G20: state
... F134: =ROUND(+B134*D134*E134,2) -> 0 | G134: state
A135: Description | B135: 3 | C135: month | D135: =RAND()*400000 -> 328795.94 | E135: 7 | F135: =ROUND(+B135*D135*E135,2) -> 6904714.7 | G135: state
E136: State Total | F136: =ROUND(SUBTOTAL(109,F6:F135),2) -> 15688303 | G136: state | I136: If you need additional rows, there are rows you can unhide
G137: non-state
A138: description | B138: 3 | C138: month | D138: =RAND()*400000 -> 206016.35 | E138: 7 | F138: =ROUND(+B138*D138*E138,2) -> 4326343.3 | G138: non-state
A139: Description1 | B139: 3 | C139: month | D139: =RAND()*400000 -> 368547.52 | E139: 7 | F139: =ROUND(+B139*D139*E139,2) -> 7739498 | G139: non-state
A140: Description2 | B140: 3 | C140: month | D140: =RAND()*400000 -> 77008.173 | E140: 7 | F140: =ROUND(+B140*D140*E140,2) -> 1617171.6 | G140: non-state
F141: =ROUND(+B141*D141*E141,2) -> 0 | G141: non-state
F142: =ROUND(+B142*D142*E142,2) -> 0 | G142: non-state
F143: =ROUND(+B143*D143*E143,2) -> 0 | G143: non-state
F144: =ROUND(+B144*D144*E144,2) -> 0 | G144: non-state
F145: =ROUND(+B145*D145*E145,2) -> 0 | G145: non-state
F146: =ROUND(+B146*D146*E146,2) -> 0 | G146: non-state
F147: =ROUND(+B147*D147*E147,2) -> 0 | G147: non-state
F148: =ROUND(+B148*D148*E148,2) -> 0 | G148: non-state
F149: =ROUND(+B149*D149*E149,2) -> 0 | G149: non-state
F150: =ROUND(+B150*D150*E150,2) -> 0 | G150: non-state
F151: =ROUND(+B151*D151*E151,2) -> 0 | G151: non-state
F152: =ROUND(+B152*D152*E152,2) -> 0 | G152: non-state
... F266: =ROUND(+B266*D266*E266,2) -> 0 | G266: non-state
A267: description | B267: 3 | C267: month | D267: =RAND()*400000 -> 172349.71 | E267: 7 | F267: =ROUND(+B267*D267*E267,2) -> 3619343.8 | G267: non-state
E268: NON-State Total | F268: =ROUND(SUBTOTAL(109,F137:F267),2) -> 17302357 | G268: non-state | I268: If you need additional rows, there are rows you can unhide
G269: keep
C270: ="Total "&B2 -> Total GRANT EXCLUSIVE LINE ITEM | F270: =+F268+F136 -> 32990660 | G270: keep | I270: This rows adds State & Non-State Totals
G271: keep
A272: =B2&" Narrative (State):" -> GRANT EXCLUSIVE LINE ITEM Narrative (State): | G272: state | I272: Give a brief description of items that you are claiming
A273: apfosedipfoawei[opfd | G273: state | I273: To add information on a new line, hold the Alt key and hit Enter. To change the row height, right click on the row number off to the left of the spreadsheet, then click on Row Height
G274: non-state
A275: =B2&" Narrative (Non-State) i.e. Match or Other Funding" -> GRANT EXCLUSIVE LINE ITEM Narrative (Non-State) i.e. Match or Other Funding | G275: non-state | I275: Give a brief description of items that you are claiming
A276: 4903qt78908erug98wge | G276: non-state | I276: To add information on a new line, hold the Alt key and hit Enter. To change the row height, right click on the row number off to the left of the spreadsheet, then click on Row Height

Sheet 15F
A1: Section C - Budget Worksheet & Narrative | F1: =+'Section A'!B2 -> 0 | G1: Filter
A2: 15F. | B2: GRANT EXCLUSIVE LINE ITEM
A3: Costs directly related to the service or activity of the program that is an integral line item for budgetary purposes. To use this budgetary line item, an applicant must have Program approval. (Please cite reference per statute for unique costs directly related to the service or activity of the program). | G3: keep
G4: keep
A5: Description | B5: Quantity | C5: Basis | D5: Cost | E5: Length of time | F5: Total Cost | G5: keep | I5: Length of time=# of units of Basis
A6: Description | B6: 3 | C6: month | D6: =RAND()*400000 -> 337914.53 | E6: 7 | F6: =ROUND(+B6*D6*E6,2) -> 7096205.2 | G6: state
A7: Description1 | B7: 3 | C7: month | D7: =RAND()*400000 -> 353251.91 | E7: 7 | F7: =ROUND(+B7*D7*E7,2) -> 7418290.1 | G7: state
A8: Description2 | B8: 3 | C8: month | D8: =RAND()*400000 -> 201776.94 | E8: 7 | F8: =ROUND(+B8*D8*E8,2) -> 4237315.7 | G8: state
F9: =ROUND(+B9*D9*E9,2) -> 0 | G9: state
F10: =ROUND(+B10*D10*E10,2) -> 0 | G10: state
F11: =ROUND(+B11*D11*E11,2) -> 0 | G11: state
F12: =ROUND(+B12*D12*E12,2) -> 0 | G12: state
F13: =ROUND(+B13*D13*E13,2) -> 0 | G13: state
F14: =ROUND(+B14*D14*E14,2) -> 0 | G14: state
F15: =ROUND(+B15*D15*E15,2) -> 0 | G15: state
F16: =ROUND(+B16*D16*E16,2) -> 0 | G16: state
F17: =ROUND(+B17*D17*E17,2) -> 0 | G17: state
F18: =ROUND(+B18*D18*E18,2) -> 0 | G18: state
F19: =ROUND(+B19*D19*E19,2) -> 0 | G19: state
F20: =ROUND(+B20*D20*E20,2) -> 0 | G20: state
... F134: =ROUND(+B134*D134*E134,2) -> 0 | G134: state
A135: Description | B135: 3 | C135: month | D135: =RAND()*400000 -> 379676.68 | E135: 7 | F135: =ROUND(+B135*D135*E135,2) -> 7973210.2 | G135: state
E136: State Total | F136: =ROUND(SUBTOTAL(109,F6:F135),2) -> 26725021 | G136: state | I136: If you need additional rows, there are rows you can unhide
G137: non-state
A138: description | B138: 3 | C138: month | D138: =RAND()*400000 -> 313274 | E138: 7 | F138: =ROUND(+B138*D138*E138,2) -> 6578753.9 | G138: non-state
A139: Description1 | B139: 3 | C139: month | D139: =RAND()*400000 -> 87073.671 | E139: 7 | F139: =ROUND(+B139*D139*E139,2) -> 1828547.1 | G139: non-state
A140: Description2 | B140: 3 | C140: month | D140: =RAND()*400000 -> 90807.474 | E140: 7 | F140: =ROUND(+B140*D140*E140,2) -> 1906956.9 | G140: non-state
F141: =ROUND(+B141*D141*E141,2) -> 0 | G141: non-state
F142: =ROUND(+B142*D142*E142,2) -> 0 | G142: non-state
F143: =ROUND(+B143*D143*E143,2) -> 0 | G143: non-state
F144: =ROUND(+B144*D144*E144,2) -> 0 | G144: non-state
F145: =ROUND(+B145*D145*E145,2) -> 0 | G145: non-state
F146: =ROUND(+B146*D146*E146,2) -> 0 | G146: non-state
F147: =ROUND(+B147*D147*E147,2) -> 0 | G147: non-state
F148: =ROUND(+B148*D148*E148,2) -> 0 | G148: non-state
F149: =ROUND(+B149*D149*E149,2) -> 0 | G149: non-state
F150: =ROUND(+B150*D150*E150,2) -> 0 | G150: non-state
F151: =ROUND(+B151*D151*E151,2) -> 0 | G151: non-state
F152: =ROUND(+B152*D152*E152,2) -> 0 | G152: non-state
... F266: =ROUND(+B266*D266*E266,2) -> 0 | G266: non-state
A267: description | B267: 3 | C267: month | D267: =RAND()*400000 -> 105330.89 | E267: 7 | F267: =ROUND(+B267*D267*E267,2) -> 2211948.7 | G267: non-state
E268: NON-State Total | F268: =ROUND(SUBTOTAL(109,F137:F267),2) -> 12526207 | G268: non-state | I268: If you need additional rows, there are rows you can unhide
G269: keep
C270: ="Total "&B2 -> Total GRANT EXCLUSIVE LINE ITEM | F270: =+F268+F136 -> 39251228 | G270: keep | I270: This rows adds State & Non-State Totals
G271: keep
A272: =B2&" Narrative (State):" -> GRANT EXCLUSIVE LINE ITEM Narrative (State): | G272: state | I272: Give a brief description of items that you are claiming
A273: apfosedipfoawei[opfd | G273: state | I273: To add information on a new line, hold the Alt key and hit Enter. To change the row height, right click on the row number off to the left of the spreadsheet, then click on Row Height
G274: non-state
A275: =B2&" Narrative (Non-State) i.e. Match or Other Funding" -> GRANT EXCLUSIVE LINE ITEM Narrative (Non-State) i.e. Match or Other Funding | G275: non-state | I275: Give a brief description of items that you are claiming
A276: 4903qt78908erug98wge | G276: non-state | I276: To add information on a new line, hold the Alt key and hit Enter. To change the row height, right click on the row number off to the left of the spreadsheet, then click on Row Height

Sheet 15G
A1: Section C - Budget Worksheet & Narrative | F1: =+'Section A'!B2 -> 0 | G1: Filter
A2: 15G. | B2: GRANT EXCLUSIVE LINE ITEM
A3: Costs directly related to the service or activity of the program that is an integral line item for budgetary purposes. To use this budgetary line item, an applicant must have Program approval. (Please cite reference per statute for unique costs directly related to the service or activity of the program). | G3: keep
G4: keep
A5: Description | B5: Quantity | C5: Basis | D5: Cost | E5: Length of time | F5: Total Cost | G5: keep | I5: Length of time=# of units of Basis
A6: Description | B6: 3 | C6: month | D6: =RAND()*400000 -> 87634.621 | E6: 7 | F6: =ROUND(+B6*D6*E6,2) -> 1840327 | G6: state
A7: Description1 | B7: 3 | C7: month | D7: =RAND()*400000 -> 399169.53 | E7: 7 | F7: =ROUND(+B7*D7*E7,2) -> 8382560.2 | G7: state
A8: Description2 | B8: 3 | C8: month | D8: =RAND()*400000 -> 361245.28 | E8: 7 | F8: =ROUND(+B8*D8*E8,2) -> 7586150.9 | G8: state
F9: =ROUND(+B9*D9*E9,2) -> 0 | G9: state
F10: =ROUND(+B10*D10*E10,2) -> 0 | G10: state
F11: =ROUND(+B11*D11*E11,2) -> 0 | G11: state
F12: =ROUND(+B12*D12*E12,2) -> 0 | G12: state
F13: =ROUND(+B13*D13*E13,2) -> 0 | G13: state
F14: =ROUND(+B14*D14*E14,2) -> 0 | G14: state
F15: =ROUND(+B15*D15*E15,2) -> 0 | G15: state
F16: =ROUND(+B16*D16*E16,2) -> 0 | G16: state
F17: =ROUND(+B17*D17*E17,2) -> 0 | G17: state
F18: =ROUND(+B18*D18*E18,2) -> 0 | G18: state
F19: =ROUND(+B19*D19*E19,2) -> 0 | G19: state
F20: =ROUND(+B20*D20*E20,2) -> 0 | G20: state
... F134: =ROUND(+B134*D134*E134,2) -> 0 | G134: state
A135: Description | B135: 3 | C135: month | D135: =RAND()*400000 -> 295889.55 | E135: 7 | F135: =ROUND(+B135*D135*E135,2) -> 6213680.6 | G135: state
E136: State Total | F136: =ROUND(SUBTOTAL(109,F6:F135),2) -> 24022719 | G136: state | I136: If you need additional rows, there are rows you can unhide
G137: non-state
A138: description | B138: 3 | C138: month | D138: =RAND()*400000 -> 173660.96 | E138: 7 | F138: =ROUND(+B138*D138*E138,2) -> 3646880.1 | G138: non-state
A139: Description1 | B139: 3 | C139: month | D139: =RAND()*400000 -> 286753.41 | E139: 7 | F139: =ROUND(+B139*D139*E139,2) -> 6021821.7 | G139: non-state
A140: Description2 | B140: 3 | C140: month | D140: =RAND()*400000 -> 340873.76 | E140: 7 | F140: =ROUND(+B140*D140*E140,2) -> 7158349 | G140: non-state
F141: =ROUND(+B141*D141*E141,2) -> 0 | G141: non-state
F142: =ROUND(+B142*D142*E142,2) -> 0 | G142: non-state
F143: =ROUND(+B143*D143*E143,2) -> 0 | G143: non-state
F144: =ROUND(+B144*D144*E144,2) -> 0 | G144: non-state
F145: =ROUND(+B145*D145*E145,2) -> 0 | G145: non-state
F146: =ROUND(+B146*D146*E146,2) -> 0 | G146: non-state
F147: =ROUND(+B147*D147*E147,2) -> 0 | G147: non-state
F148: =ROUND(+B148*D148*E148,2) -> 0 | G148: non-state
F149: =ROUND(+B149*D149*E149,2) -> 0 | G149: non-state
F150: =ROUND(+B150*D150*E150,2) -> 0 | G150: non-state
F151: =ROUND(+B151*D151*E151,2) -> 0 | G151: non-state
F152: =ROUND(+B152*D152*E152,2) -> 0 | G152: non-state
... F266: =ROUND(+B266*D266*E266,2) -> 0 | G266: non-state
A267: description | B267: 3 | C267: month | D267: =RAND()*400000 -> 256638.67 | E267: 7 | F267: =ROUND(+B267*D267*E267,2) -> 5389412.1 | G267: non-state
E268: NON-State Total | F268: =ROUND(SUBTOTAL(109,F137:F267),2) -> 22216463 | G268: non-state | I268: If you need additional rows, there are rows you can unhide
G269: keep
C270: ="Total "&B2 -> Total GRANT EXCLUSIVE LINE ITEM | F270: =+F268+F136 -> 46239182 | G270: keep | I270: This rows adds State & Non-State Totals
G271: keep
A272: =B2&" Narrative (State):" -> GRANT EXCLUSIVE LINE ITEM Narrative (State): | G272: state | I272: Give a brief description of items that you are claiming
A273: apfosedipfoawei[opfd | G273: state | I273: To add information on a new line, hold the Alt key and hit Enter. To change the row height, right click on the row number off to the left of the spreadsheet, then click on Row Height
G274: non-state
A275: =B2&" Narrative (Non-State) i.e. Match or Other Funding" -> GRANT EXCLUSIVE LINE ITEM Narrative (Non-State) i.e. Match or Other Funding | G275: non-state | I275: Give a brief description of items that you are claiming
A276: 4903qt78908erug98wge | G276: non-state | I276: To add information on a new line, hold the Alt key and hit Enter. To change the row height, right click on the row number off to the left of the spreadsheet, then click on Row Height

Sheet 15H
A1: Section C - Budget Worksheet & Narrative | F1: =+'Section A'!B2 -> 0 | G1: Filter
A2: 15H. | B2: GRANT EXCLUSIVE LINE ITEM
A3: Costs directly related to the service or activity of the program that is an integral line item for budgetary purposes. To use this budgetary line item, an applicant must have Program approval. (Please cite reference per statute for unique costs directly related to the service or activity of the program). | G3: keep
G4: keep
A5: Description | B5: Quantity | C5: Basis | D5: Cost | E5: Length of time | F5: Total Cost | G5: keep | I5: Length of time=# of units of Basis
A6: Description | B6: 3 | C6: month | D6: =RAND()*400000 -> 376769.34 | E6: 7 | F6: =ROUND(+B6*D6*E6,2) -> 7912156.2 | G6: state
A7: Description1 | B7: 3 | C7: month | D7: =RAND()*400000 -> 50273.655 | E7: 7 | F7: =ROUND(+B7*D7*E7,2) -> 1055746.8 | G7: state
A8: Description2 | B8: 3 | C8: month | D8: =RAND()*400000 -> 223932.56 | E8: 7 | F8: =ROUND(+B8*D8*E8,2) -> 4702583.8 | G8: state
F9: =ROUND(+B9*D9*E9,2) -> 0 | G9: state
F10: =ROUND(+B10*D10*E10,2) -> 0 | G10: state
F11: =ROUND(+B11*D11*E11,2) -> 0 | G11: state
F12: =ROUND(+B12*D12*E12,2) -> 0 | G12: state
F13: =ROUND(+B13*D13*E13,2) -> 0 | G13: state
F14: =ROUND(+B14*D14*E14,2) -> 0 | G14: state
F15: =ROUND(+B15*D15*E15,2) -> 0 | G15: state
F16: =ROUND(+B16*D16*E16,2) -> 0 | G16: state
F17: =ROUND(+B17*D17*E17,2) -> 0 | G17: state
F18: =ROUND(+B18*D18*E18,2) -> 0 | G18: state
F19: =ROUND(+B19*D19*E19,2) -> 0 | G19: state
F20: =ROUND(+B20*D20*E20,2) -> 0 | G20: state
... F134: =ROUND(+B134*D134*E134,2) -> 0 | G134: state
A135: Description | B135: 3 | C135: month | D135: =RAND()*400000 -> 369712.66 | E135: 7 | F135: =ROUND(+B135*D135*E135,2) -> 7763965.8 | G135: state
E136: State Total | F136: =ROUND(SUBTOTAL(109,F6:F135),2) -> 21434453 | G136: state | I136: If you need additional rows, there are rows you can unhide
G137: non-state
A138: description | B138: 3 | C138: month | D138: =RAND()*400000 -> 208893.63 | E138: 7 | F138: =ROUND(+B138*D138*E138,2) -> 4386766.1 | G138: non-state
A139: Description1 | B139: 3 | C139: month | D139: =RAND()*400000 -> 179883.4 | E139: 7 | F139: =ROUND(+B139*D139*E139,2) -> 3777551.3 | G139: non-state
A140: Description2 | B140: 3 | C140: month | D140: =RAND()*400000 -> 29846.142 | E140: 7 | F140: =ROUND(+B140*D140*E140,2) -> 626768.99 | G140: non-state
F141: =ROUND(+B141*D141*E141,2) -> 0 | G141: non-state
F142: =ROUND(+B142*D142*E142,2) -> 0 | G142: non-state
F143: =ROUND(+B143*D143*E143,2) -> 0 | G143: non-state
F144: =ROUND(+B144*D144*E144,2) -> 0 | G144: non-state
F145: =ROUND(+B145*D145*E145,2) -> 0 | G145: non-state
F146: =ROUND(+B146*D146*E146,2) -> 0 | G146: non-state
F147: =ROUND(+B147*D147*E147,2) -> 0 | G147: non-state
F148: =ROUND(+B148*D148*E148,2) -> 0 | G148: non-state
F149: =ROUND(+B149*D149*E149,2) -> 0 | G149: non-state
F150: =ROUND(+B150*D150*E150,2) -> 0 | G150: non-state
F151: =ROUND(+B151*D151*E151,2) -> 0 | G151: non-state
F152: =ROUND(+B152*D152*E152,2) -> 0 | G152: non-state
... F266: =ROUND(+B266*D266*E266,2) -> 0 | G266: non-state
A267: description | B267: 3 | C267: month | D267: =RAND()*400000 -> 282240.32 | E267: 7 | F267: =ROUND(+B267*D267*E267,2) -> 5927046.6 | G267: non-state
E268: NON-State Total | F268: =ROUND(SUBTOTAL(109,F137:F267),2) -> 14718133 | G268: non-state | I268: If you need additional rows, there are rows you can unhide
G269: keep
C270: ="Total "&B2 -> Total GRANT EXCLUSIVE LINE ITEM | F270: =+F268+F136 -> 36152586 | G270: keep | I270: This rows adds State & Non-State Totals
G271: keep
A272: =B2&" Narrative (State):" -> GRANT EXCLUSIVE LINE ITEM Narrative (State): | G272: state | I272: Give a brief description of items that you are claiming
A273: apfosedipfoawei[opfd | G273: state | I273: To add information on a new line, hold the Alt key and hit Enter. To change the row height, right click on the row number off to the left of the spreadsheet, then click on Row Height
G274: non-state
A275: =B2&" Narrative (Non-State) i.e. Match or Other Funding" -> GRANT EXCLUSIVE LINE ITEM Narrative (Non-State) i.e. Match or Other Funding | G275: non-state | I275: Give a brief description of items that you are claiming
A276: 4903qt78908erug98wge | G276: non-state | I276: To add information on a new line, hold the Alt key and hit Enter. To change the row height, right click on the row number off to the left of the spreadsheet, then click on Row Height

Sheet 15I
A1: Section C - Budget Worksheet & Narrative | F1: =+'Section A'!B2 -> 0 | G1: Filter
A2: 15I. | B2: GRANT EXCLUSIVE LINE ITEM
A3: Costs directly related to the service or activity of the program that is an integral line item for budgetary purposes. To use this budgetary line item, an applicant must have Program approval. (Please cite reference per statute for unique costs directly related to the service or activity of the program). | G3: keep
G4: keep
A5: Description | B5: Quantity | C5: Basis | D5: Cost | E5: Length of time | F5: Total Cost | G5: keep | I5: Length of time=# of units of Basis
A6: Description | B6: 3 | C6: month | D6: =RAND()*400000 -> 10442.372 | E6: 7 | F6: =ROUND(+B6*D6*E6,2) -> 219289.82 | G6: state
A7: Description1 | B7: 3 | C7: month | D7: =RAND()*400000 -> 81847.618 | E7: 7 | F7: =ROUND(+B7*D7*E7,2) -> 1718800 | G7: state
A8: Description2 | B8: 3 | C8: month | D8: =RAND()*400000 -> 71221.76 | E8: 7 | F8: =ROUND(+B8*D8*E8,2) -> 1495657 | G8: state
F9: =ROUND(+B9*D9*E9,2) -> 0 | G9: state
F10: =ROUND(+B10*D10*E10,2) -> 0 | G10: state
F11: =ROUND(+B11*D11*E11,2) -> 0 | G11: state
F12: =ROUND(+B12*D12*E12,2) -> 0 | G12: state
F13: =ROUND(+B13*D13*E13,2) -> 0 | G13: state
F14: =ROUND(+B14*D14*E14,2) -> 0 | G14: state
F15: =ROUND(+B15*D15*E15,2) -> 0 | G15: state
F16: =ROUND(+B16*D16*E16,2) -> 0 | G16: state
F17: =ROUND(+B17*D17*E17,2) -> 0 | G17: state
F18: =ROUND(+B18*D18*E18,2) -> 0 | G18: state
F19: =ROUND(+B19*D19*E19,2) -> 0 | G19: state
F20: =ROUND(+B20*D20*E20,2) -> 0 | G20: state
... F134: =ROUND(+B134*D134*E134,2) -> 0 | G134: state
A135: Description | B135: 3 | C135: month | D135: =RAND()*400000 -> 257889.89 | E135: 7 | F135: =ROUND(+B135*D135*E135,2) -> 5415687.7 | G135: state
E136: State Total | F136: =ROUND(SUBTOTAL(109,F6:F135),2) -> 8849434.5 | G136: state | I136: If you need additional rows, there are rows you can unhide
G137: non-state
A138: description | B138: 3 | C138: month | D138: =RAND()*400000 -> 4509.8315 | E138: 7 | F138: =ROUND(+B138*D138*E138,2) -> 94706.46 | G138: non-state
A139: Description1 | B139: 3 | C139: month | D139: =RAND()*400000 -> 320964.13 | E139: 7 | F139: =ROUND(+B139*D139*E139,2) -> 6740246.8 | G139: non-state
A140: Description2 | B140: 3 | C140: month | D140: =RAND()*400000 -> 169796.35 | E140: 7 | F140: =ROUND(+B140*D140*E140,2) -> 3565723.4 | G140: non-state
F141: =ROUND(+B141*D141*E141,2) -> 0 | G141: non-state
F142: =ROUND(+B142*D142*E142,2) -> 0 | G142: non-state
F143: =ROUND(+B143*D143*E143,2) -> 0 | G143: non-state
F144: =ROUND(+B144*D144*E144,2) -> 0 | G144: non-state
F145: =ROUND(+B145*D145*E145,2) -> 0 | G145: non-state
F146: =ROUND(+B146*D146*E146,2) -> 0 | G146: non-state
F147: =ROUND(+B147*D147*E147,2) -> 0 | G147: non-state
F148: =ROUND(+B148*D148*E148,2) -> 0 | G148: non-state
F149: =ROUND(+B149*D149*E149,2) -> 0 | G149: non-state
F150: =ROUND(+B150*D150*E150,2) -> 0 | G150: non-state
F151: =ROUND(+B151*D151*E151,2) -> 0 | G151: non-state
F152: =ROUND(+B152*D152*E152,2) -> 0 | G152: non-state
... F266: =ROUND(+B266*D266*E266,2) -> 0 | G266: non-state
A267: description | B267: 3 | C267: month | D267: =RAND()*400000 -> 20660.915 | E267: 7 | F267: =ROUND(+B267*D267*E267,2) -> 433879.22 | G267: non-state
E268: NON-State Total | F268: =ROUND(SUBTOTAL(109,F137:F267),2) -> 10834556 | G268: non-state | I268: If you need additional rows, there are rows you can unhide
G269: keep
C270: ="Total "&B2 -> Total GRANT EXCLUSIVE LINE ITEM | F270: =+F268+F136 -> 19683990 | G270: keep | I270: This rows adds State & Non-State Totals
G271: keep
A272: =B2&" Narrative (State):" -> GRANT EXCLUSIVE LINE ITEM Narrative (State): | G272: state | I272: Give a brief description of items that you are claiming
A273: apfosedipfoawei[opfd | G273: state | I273: To add information on a new line, hold the Alt key and hit Enter. To change the row height, right click on the row number off to the left of the spreadsheet, then click on Row Height
G274: non-state
A275: =B2&" Narrative (Non-State) i.e. Match or Other Funding" -> GRANT EXCLUSIVE LINE ITEM Narrative (Non-State) i.e. Match or Other Funding | G275: non-state | I275: Give a brief description of items that you are claiming
A276: 4903qt78908erug98wge | G276: non-state | I276: To add information on a new line, hold the Alt key and hit Enter. To change the row height, right click on the row number off to the left of the spreadsheet, then click on Row Height

Sheet 15J
A1: Section C - Budget Worksheet & Narrative | F1: =+'Section A'!B2 -> 0 | G1: Filter
A2: 15J. | B2: GRANT EXCLUSIVE LINE ITEM
A3: Costs directly related to the service or activity of the program that is an integral line item for budgetary purposes. To use this budgetary line item, an applicant must have Program approval. (Please cite reference per statute for unique costs directly related to the service or activity of the program). | G3: keep
G4: keep
A5: Description | B5: Quantity | C5: Basis | D5: Cost | E5: Length of time | F5: Total Cost | G5: keep | I5: Length of time=# of units of Basis
A6: Description | B6: 3 | C6: month | D6: =RAND()*400000 -> 397284.91 | E6: 7 | F6: =ROUND(+B6*D6*E6,2) -> 8342983.2 | G6: state
A7: Description1 | B7: 3 | C7: month | D7: =RAND()*400000 -> 315591.46 | E7: 7 | F7: =ROUND(+B7*D7*E7,2) -> 6627420.6 | G7: state
A8: Description2 | B8: 3 | C8: month | D8: =RAND()*400000 -> 237991.3 | E8: 7 | F8: =ROUND(+B8*D8*E8,2) -> 4997817.2 | G8: state
F9: =ROUND(+B9*D9*E9,2) -> 0 | G9: state
F10: =ROUND(+B10*D10*E10,2) -> 0 | G10: state
F11: =ROUND(+B11*D11*E11,2) -> 0 | G11: state
F12: =ROUND(+B12*D12*E12,2) -> 0 | G12: state
F13: =ROUND(+B13*D13*E13,2) -> 0 | G13: state
F14: =ROUND(+B14*D14*E14,2) -> 0 | G14: state
F15: =ROUND(+B15*D15*E15,2) -> 0 | G15: state
F16: =ROUND(+B16*D16*E16,2) -> 0 | G16: state
F17: =ROUND(+B17*D17*E17,2) -> 0 | G17: state
F18: =ROUND(+B18*D18*E18,2) -> 0 | G18: state
F19: =ROUND(+B19*D19*E19,2) -> 0 | G19: state
F20: =ROUND(+B20*D20*E20,2) -> 0 | G20: state
... F134: =ROUND(+B134*D134*E134,2) -> 0 | G134: state
A135: Description | B135: 3 | C135: month | D135: =RAND()*400000 -> 199742.87 | E135: 7 | F135: =ROUND(+B135*D135*E135,2) -> 4194600.4 | G135: state
E136: State Total | F136: =ROUND(SUBTOTAL(109,F6:F135),2) -> 24162821 | G136: state | I136: If you need additional rows, there are rows you can unhide
G137: non-state
A138: description | B138: 3 | C138: month | D138: =RAND()*400000 -> 144072.93 | E138: 7 | F138: =ROUND(+B138*D138*E138,2) -> 3025531.5 | G138: non-state
A139: Description1 | B139: 3 | C139: month | D139: =RAND()*400000 -> 141207.07 | E139: 7 | F139: =ROUND(+B139*D139*E139,2) -> 2965348.4 | G139: non-state
A140: Description2 | B140: 3 | C140: month | D140: =RAND()*400000 -> 208354.97 | E140: 7 | F140: =ROUND(+B140*D140*E140,2) -> 4375454.4 | G140: non-state
F141: =ROUND(+B141*D141*E141,2) -> 0 | G141: non-state
F142: =ROUND(+B142*D142*E142,2) -> 0 | G142: non-state
F143: =ROUND(+B143*D143*E143,2) -> 0 | G143: non-state
F144: =ROUND(+B144*D144*E144,2) -> 0 | G144: non-state
F145: =ROUND(+B145*D145*E145,2) -> 0 | G145: non-state
F146: =ROUND(+B146*D146*E146,2) -> 0 | G146: non-state
F147: =ROUND(+B147*D147*E147,2) -> 0 | G147: non-state
F148: =ROUND(+B148*D148*E148,2) -> 0 | G148: non-state
F149: =ROUND(+B149*D149*E149,2) -> 0 | G149: non-state
F150: =ROUND(+B150*D150*E150,2) -> 0 | G150: non-state
F151: =ROUND(+B151*D151*E151,2) -> 0 | G151: non-state
F152: =ROUND(+B152*D152*E152,2) -> 0 | G152: non-state
... F266: =ROUND(+B266*D266*E266,2) -> 0 | G266: non-state
A267: description | B267: 3 | C267: month | D267: =RAND()*400000 -> 59625.002 | E267: 7 | F267: =ROUND(+B267*D267*E267,2) -> 1252125.1 | G267: non-state
E268: NON-State Total | F268: =ROUND(SUBTOTAL(109,F137:F267),2) -> 11618459 | G268: non-state | I268: If you need additional rows, there are rows you can unhide
G269: keep
C270: ="Total "&B2 -> Total GRANT EXCLUSIVE LINE ITEM | F270: =+F268+F136 -> 35781281 | G270: keep | I270: This rows adds State & Non-State Totals
G271: keep
A272: =B2&" Narrative (State):" -> GRANT EXCLUSIVE LINE ITEM Narrative (State): | G272: state | I272: Give a brief description of items that you are claiming
A273: apfosedipfoawei[opfd | G273: state | I273: To add information on a new line, hold the Alt key and hit Enter. To change the row height, right click on the row number off to the left of the spreadsheet, then click on Row Height
G274: non-state
A275: =B2&" Narrative (Non-State) i.e. Match or Other Funding" -> GRANT EXCLUSIVE LINE ITEM Narrative (Non-State) i.e. Match or Other Funding | G275: non-state | I275: Give a brief description of items that you are claiming
A276: 4903qt78908erug98wge | G276: non-state | I276: To add information on a new line, hold the Alt key and hit Enter. To change the row height, right click on the row number off to the left of the spreadsheet, then click on Row Height

Sheet 15K
A1: Section C - Budget Worksheet & Narrative | F1: =+'Section A'!B2 -> 0 | G1: Filter
A2: 15K. | B2: GRANT EXCLUSIVE LINE ITEM
A3: Costs directly related to the service or activity of the program that is an integral line item for budgetary purposes. To use this budgetary line item, an applicant must have Program approval. (Please cite reference per statute for unique costs directly related to the service or activity of the program). | G3: keep
G4: keep
A5: Description | B5: Quantity | C5: Basis | D5: Cost | E5: Length of time | F5: Total Cost | G5: keep | I5: Length of time=# of units of Basis
A6: Description | B6: 3 | C6: month | D6: =RAND()*400000 -> 79478.851 | E6: 7 | F6: =ROUND(+B6*D6*E6,2) -> 1669055.9 | G6: state
A7: Description1 | B7: 3 | C7: month | D7: =RAND()*400000 -> 89387.424 | E7: 7 | F7: =ROUND(+B7*D7*E7,2) -> 1877135.9 | G7: state
A8: Description2 | B8: 3 | C8: month | D8: =RAND()*400000 -> 288547.96 | E8: 7 | F8: =ROUND(+B8*D8*E8,2) -> 6059507.2 | G8: state
F9: =ROUND(+B9*D9*E9,2) -> 0 | G9: state
F10: =ROUND(+B10*D10*E10,2) -> 0 | G10: state
F11: =ROUND(+B11*D11*E11,2) -> 0 | G11: state
F12: =ROUND(+B12*D12*E12,2) -> 0 | G12: state
F13: =ROUND(+B13*D13*E13,2) -> 0 | G13: state
F14: =ROUND(+B14*D14*E14,2) -> 0 | G14: state
F15: =ROUND(+B15*D15*E15,2) -> 0 | G15: state
F16: =ROUND(+B16*D16*E16,2) -> 0 | G16: state
F17: =ROUND(+B17*D17*E17,2) -> 0 | G17: state
F18: =ROUND(+B18*D18*E18,2) -> 0 | G18: state
F19: =ROUND(+B19*D19*E19,2) -> 0 | G19: state
F20: =ROUND(+B20*D20*E20,2) -> 0 | G20: state
... F134: =ROUND(+B134*D134*E134,2) -> 0 | G134: state
A135: Description | B135: 3 | C135: month | D135: =RAND()*400000 -> 388404.84 | E135: 7 | F135: =ROUND(+B135*D135*E135,2) -> 8156501.7 | G135: state
E136: State Total | F136: =ROUND(SUBTOTAL(109,F6:F135),2) -> 17762201 | G136: state | I136: If you need additional rows, there are rows you can unhide
G137: non-state
A138: description | B138: 3 | C138: month | D138: =RAND()*400000 -> 30007.231 | E138: 7 | F138: =ROUND(+B138*D138*E138,2) -> 630151.85 | G138: non-state
A139: Description1 | B139: 3 | C139: month | D139: =RAND()*400000 -> 20240.072 | E139: 7 | F139: =ROUND(+B139*D139*E139,2) -> 425041.51 | G139: non-state
A140: Description2 | B140: 3 | C140: month | D140: =RAND()*400000 -> 97326.788 | E140: 7 | F140: =ROUND(+B140*D140*E140,2) -> 2043862.5 | G140: non-state
F141: =ROUND(+B141*D141*E141,2) -> 0 | G141: non-state
F142: =ROUND(+B142*D142*E142,2) -> 0 | G142: non-state
F143: =ROUND(+B143*D143*E143,2) -> 0 | G143: non-state
F144: =ROUND(+B144*D144*E144,2) -> 0 | G144: non-state
F145: =ROUND(+B145*D145*E145,2) -> 0 | G145: non-state
F146: =ROUND(+B146*D146*E146,2) -> 0 | G146: non-state
F147: =ROUND(+B147*D147*E147,2) -> 0 | G147: non-state
F148: =ROUND(+B148*D148*E148,2) -> 0 | G148: non-state
F149: =ROUND(+B149*D149*E149,2) -> 0 | G149: non-state
F150: =ROUND(+B150*D150*E150,2) -> 0 | G150: non-state
F151: =ROUND(+B151*D151*E151,2) -> 0 | G151: non-state
F152: =ROUND(+B152*D152*E152,2) -> 0 | G152: non-state
... F266: =ROUND(+B266*D266*E266,2) -> 0 | G266: non-state
A267: description | B267: 3 | C267: month | D267: =RAND()*400000 -> 41705.604 | E267: 7 | F267: =ROUND(+B267*D267*E267,2) -> 875817.69 | G267: non-state
E268: NON-State Total | F268: =ROUND(SUBTOTAL(109,F137:F267),2) -> 3974873.6 | G268: non-state | I268: If you need additional rows, there are rows you can unhide
G269: keep
C270: ="Total "&B2 -> Total GRANT EXCLUSIVE LINE ITEM | F270: =+F268+F136 -> 21737074 | G270: keep | I270: This rows adds State & Non-State Totals
G271: keep
A272: =B2&" Narrative (State):" -> GRANT EXCLUSIVE LINE ITEM Narrative (State): | G272: state | I272: Give a brief description of items that you are claiming
A273: apfosedipfoawei[opfd | G273: state | I273: To add information on a new line, hold the Alt key and hit Enter. To change the row height, right click on the row number off to the left of the spreadsheet, then click on Row Height
G274: non-state
A275: =B2&" Narrative (Non-State) i.e. Match or Other Funding" -> GRANT EXCLUSIVE LINE ITEM Narrative (Non-State) i.e. Match or Other Funding | G275: non-state | I275: Give a brief description of items that you are claiming
A276: 4903qt78908erug98wge | G276: non-state | I276: To add information on a new line, hold the Alt key and hit Enter. To change the row height, right click on the row number off to the left of the spreadsheet, then click on Row Height

Sheet Indirect Costs 
A1: Section C - Budget Worksheet & Narrative | D1: =+'Section A'!B2 -> 0
A2: 17). Indirect Cost (2 CFR 200.414) --Provide the most recent indirect cost rate agreement information with the itemized budget. The applicable indirect cost rate(s) negotiated by the organization with the cognizant negotiating agency must be used in computing indirect costs (F&A) for a program budget. The amount for indirect costs should be calculated by applying the current negotiated indirect cost rate(s) to the approved base(s). After the amount of indirect costs is determined for the program, a breakdown of the indirect costs should be provided in the budget worksheet and narrative below.
A3: Description | B3: Base | C3: Rate | D3: Indirect Cost
D4: =ROUND(B4*C4,2) -> 0
D5: =ROUND(B5*C5,2) -> 0
D6: =ROUND(B6*C6,2) -> 0
D7: =ROUND(B7*C7,2) -> 0
A8: =IF(SUBTOTAL(109,B4:B8)-'Section A'!E34>0.004,"Indirect Base cannot exceed Total Direct Costs"," ") | C8: State Total | D8: =ROUND(SUM(D4:D7),2) -> 0 | F8: If you need to insert rows, insert them between existing rows that total up to the formula in column D
D10: =ROUND(B10*C10,2) -> 0
D11: =ROUND(B11*C11,2) -> 0
D12: =ROUND(B12*C12,2) -> 0
D13: =ROUND(B13*C13,2) -> 0
C14: NON-State Total | D14: =ROUND(SUBTOTAL(109,D9:D13),2) -> 0 | F14: If you need to insert rows, insert them between existing rows that total up to the formula in column D
B16: Total Indirect Costs | D16: =+D14+D8 -> 0 | F16: This rows adds State & Non-State Totals
A18: Indirect Cost Narrative (State): | F18: Give a brief description of items that you are claiming
F19: To add information on a new line, hold the Alt key and hit Enter. To change the row height, right click on the row number off to the left of the spreadsheet, then click on Row Height
A21: Indirect Cost Narrative (Non-State) i.e. "Match" or "Other Funding" | F21: Give a brief description of items that you are claiming
F22: To add information on a new line, hold the Alt key and hit Enter. To change the row height, right click on the row number off to the left of the spreadsheet, then click on Row Height

Sheet MTDCCalculator
B2: Modified Total Direct Cost (MTDC)
B4: Name of Entity
C6: 10% de minimis Calculator | G6: Fiscal Year: | H6: =+'Section A'!F3 -> 2025
E8: Salaries & Wages | G8: 0
E9: Fringe Benefits | G9: 0
E10: Professional Services | G10: 0
E11: Travel | G11: 0
E12: Materials & Supplies | G12: 0
C13: ="Subawards (Calculated from Subaward Listings) - ("&COUNTIFS(MTDCSubawardListing!$L:$L,"X")&")*" -> Subawards (Calculated from Subaward Listings) - (0)* | G13: =MTDCSubawardListing!E56 -> 0
F14: Total Direct Costs | H14: =SUM(G8:G13) -> 0
E16: Less (Subcontract over $25,000)* | G16: =MTDCSubawardListing!J56 -> 0
F17: Modified Total Direct Cost (MTDC) | H17: =H14-G16 -> 0
E19: 10% de minimis rate of MTDC | H19: =H17*10% -> 0
B22: * See "Subaward Listing" tab for details.

Sheet MTDCSubawardListing
B2: Subaward Listing
C4: =IF(MTDCCalculator!E4="","","Name: "&MTDCCalculator!E4) | F4: How much $ has been allowed in past award years? (Max: $25K) | G4: Multi-Year Awards:
C5: Subawardee Name | D5: Total Amount of Subaward | E5: ="Amount Spent in FY"&MTDCCalculator!H6 -> Amount Spent in FY2025 | G5: ="FY"&MTDCCalculator!H6&" is year ___" -> FY2025 is year ___ | H5: of ___ years. | I5: Allowable as Direct Costs under MTDC | J5: Amount to Exclude
B6: 1 | D6: 0 | E6: 0 | F6: 0 | I6: =IF(G6="",0,IF(F6>25000,0,IF(E6+F6>25000,25000-F6,E6))) -> 0 | J6: =E6-I6 -> 0 | L6: =IF(E6>0,"X","")
B7: 2 | D7: 0 | E7: 0 | F7: 0 | I7: =IF(G7="",0,IF(F7>25000,0,IF(E7+F7>25000,25000-F7,E7))) -> 0 | J7: =E7-I7 -> 0 | L7: =IF(E7>0,"X","")
B8: 3 | D8: 0 | E8: 0 | F8: 0 | I8: =IF(G8="",0,IF(F8>25000,0,IF(E8+F8>25000,25000-F8,E8))) -> 0 | J8: =E8-I8 -> 0 | L8: =IF(E8>0,"X","")
B9: 4 | D9: 0 | E9: 0 | F9: 0 | I9: =IF(G9="",0,IF(F9>25000,0,IF(E9+F9>25000,25000-F9,E9))) -> 0 | J9: =E9-I9 -> 0 | L9: =IF(E9>0,"X","")
B10: 5 | D10: 0 | E10: 0 | F10: 0 | I10: =IF(G10="",0,IF(F10>25000,0,IF(E10+F10>25000,25000-F10,E10))) -> 0 | J10: =E10-I10 -> 0 | L10: =IF(E10>0,"X","")
B11: 6 | D11: 0 | E11: 0 | F11: 0 | I11: =IF(G11="",0,IF(F11>25000,0,IF(E11+F11>25000,25000-F11,E11))) -> 0 | J11: =E11-I11 -> 0 | L11: =IF(E11>0,"X","")
B12: 7 | D12: 0 | E12: 0 | F12: 0 | I12: =IF(G12="",0,IF(F12>25000,0,IF(E12+F12>25000,25000-F12,E12))) -> 0 | J12: =E12-I12 -> 0 | L12: =IF(E12>0,"X","")
B13: 8 | D13: 0 | E13: 0 | F13: 0 | I13: =IF(G13="",0,IF(F13>25000,0,IF(E13+F13>25000,25000-F13,E13))) -> 0 | J13: =E13-I13 -> 0 | L13: =IF(E13>0,"X","")
B14: 9 | D14: 0 | E14: 0 | F14: 0 | I14: =IF(G14="",0,IF(F14>25000,0,IF(E14+F14>25000,25000-F14,E14))) -> 0 | J14: =E14-I14 -> 0 | L14: =IF(E14>0,"X","")
B15: 10 | D15: 0 | E15: 0 | F15: 0 | I15: =IF(G15="",0,IF(F15>25000,0,IF(E15+F15>25000,25000-F15,E15))) -> 0 | J15: =E15-I15 -> 0 | L15: =IF(E15>0,"X","")
B16: 11 | D16: 0 | E16: 0 | F16: 0 | I16: =IF(G16="",0,IF(F16>25000,0,IF(E16+F16>25000,25000-F16,E16))) -> 0 | J16: =E16-I16 -> 0 | L16: =IF(E16>0,"X","")
B17: 12 | D17: 0 | E17: 0 | F17: 0 | I17: =IF(G17="",0,IF(F17>25000,0,IF(E17+F17>25000,25000-F17,E17))) -> 0 | J17: =E17-I17 -> 0 | L17: =IF(E17>0,"X","")
... B55: 50 | D55: 0 | E55: 0 | F55: 0 | I55: =IF(G55="",0,IF(F55>25000,0,IF(E55+F55>25000,25000-F55,E55))) -> 0 | J55: =E55-I55 -> 0 | L55: =IF(E55>0,"X","")
E56: =SUM(E6:E55) -> 0 | I56: =SUM(I6:I55) -> 0 | J56: =SUM(J6:J55) -> 0
B58: *only the first $25,000 of each subaward is allowable, regardless of the period covered by each subaward. | J58: =IF(J56+I56=E56,"","ERROR: Sums Do Not Equal")
C124: 0
C125: 1
C126: 2
C127: 3
C128: 4
C129: 5
C130: 6
C131: 7
C132: 8
C133: 9
C134: 10
C135: 11
... C144: 20

Sheet MTDCRegulatoryInformation
B2: § 200.68 Modified Total Direct Cost (MTDC)
B3: MTDC means all direct salaries and wages, applicable fringe benefits, materials and supplies, services, travel, and subawards and subcontracts up to the first $25,000 of each subaward or subcontract (regardless of the period of performance of the subawards and subcontracts under the award). MTDC excludes equipment, capital expenditures, charges for patient care, rental costs, tuition remission, scholarships and fellowships, participant support costs and the portion of each subaward and subcontract in excess of $25,000. Other items may only be excluded when necessary to avoid a serious inequity in the distribution of indirect costs, and with the approval of the cognizant agency for indirect costs.
B5: https://www.gpo.gov/fdsys/pkg/CFR-2014-title2-vol1/pdf/CFR-2014-title2-vol1-sec200-68.pdf

Sheet Narrative Summary 
A1: Section C - Budget Worksheet & Narrative | D1: =+'Section A'!B2 -> 0 | F1: You should not need to write anything on this page
A2: Budget Narrative Summary--When you have completed the budget worksheet, transfer the totals for each category to the spaces below to the uniform template provided (SECTION A & B). Verify the total costs and the total project costs. Indicate the amount of State requested funds and the amount of non-State funds that will support the project.
A3: Budget Category | B3: State | C3: NON-State | D3: Total
A4: 1. Personnel | B4: =+Personnel!G136 -> 236148.42 | C4: =+Personnel!G268 -> 194204.91 | D4: =+B4+C4 -> 430353.33
A5: 2. Fringe Benefits | B5: =+'Fringe Benefits'!E135 -> 144914.1 | C5: =+'Fringe Benefits'!E267 -> 129972.18 | D5: =+B5+C5 -> 274886.28
A6: 3. Travel | B6: =+Travel!G135 -> 2351048.1 | C6: =+Travel!G267 -> 1866086.3 | D6: =+B6+C6 -> 4217134.3
A7: 4. Equipment | B7: =+'Equipment '!D135 -> 1943126.1 | C7: =+'Equipment '!D267 -> 1336360.8 | D7: =+B7+C7 -> 3279487
A8: 5. Supplies | B8: =+Supplies!D134 -> 1242318.5 | C8: =+Supplies!D266 -> 861822.97 | D8: =+B8+C8 -> 2104141.5
A9: 6. Contractual Services | B9: =+'Contractual Services'!C137 -> 0 | C9: =+'Contractual Services'!C269 -> 0 | D9: =+B9+C9 -> 0
A10: 7. Consultant (Professional Services) | B10: =+Consultant!G134+Consultant!G407 -> 5626502.4 | C10: =+Consultant!G266+Consultant!G539 -> 7835139.4 | D10: =+B10+C10 -> 13461642
A11: 8. Construction | B11: =+'Construction '!C134 -> 0 | C11: =+'Construction '!C266 -> 0 | D11: =+B11+C11 -> 0
A12: 9. Occupancy (Rent & Utilities) | B12: =+'Occupancy '!F135 -> 16800314 | C12: =+'Occupancy '!F267 -> 12967017 | D12: =+B12+C12 -> 29767331
A13: 10. Research & Development (R&D) | B13: =+'R & D '!C134 -> 1334706.5 | C13: =+'R & D '!C266 -> 1876396.5 | D13: =+B13+C13 -> 3211103
A14: 11. Telecommunications | B14: =+'Telecommunications '!F135 -> 1784482.9 | C14: =+'Telecommunications '!F267 -> 1881589.1 | D14: =+B14+C14 -> 3666071.9
A15: 12. Training & Education | B15: =+'Training & Education'!F135 -> 24625971 | C15: =+'Training & Education'!F267 -> 21324396 | D15: =+B15+C15 -> 45950367
A16: 13. Direct Administrative Costs | B16: =+'Direct Administrative '!G135 -> 518555.95 | C16: =+'Direct Administrative '!G267 -> 532633.45 | D16: =+B16+C16 -> 1051189.4
A17: 14. Other or Misc. Costs | B17: =+'Miscellaneous (other) Costs '!F135 -> 0 | C17: =+'Miscellaneous (other) Costs '!F267 -> 0 | D17: =+B17+C17 -> 0
A18: ='15A'!$A$2 &'15A'!$B$2 -> 15A.Acquisition | B18: =+'15A'!F$136 -> 0 | C18: =+'15A'!F$268 -> 0 | D18: =+B18+C18 -> 0
A19: ='15B'!$A$2 &'15B'!$B$2 -> 15B.GRANT EXCLUSIVE LINE ITEM | B19: =+'15B'!F$136 -> 16872492 | C19: =+'15B'!F$268 -> 17788098 | D19: =+B19+C19 -> 34660590
A20: ='15C'!$A$2 &'15C'!$B$2 -> 15C.GRANT EXCLUSIVE LINE ITEM | B20: =+'15C'!F$136 -> 25991444 | C20: =+'15C'!F$268 -> 15564373 | D20: =+B20+C20 -> 41555817
A21: ='15D'!$A$2 &'15D'!$B$2 -> 15D.GRANT EXCLUSIVE LINE ITEM | B21: =+'15D'!F$136 -> 17065828 | C21: =+'15D'!F$268 -> 21931999 | D21: =+B21+C21 -> 38997827
A22: ='15E'!$A$2 &'15E'!$B$2 -> 15E.GRANT EXCLUSIVE LINE ITEM | B22: =+'15E'!F$136 -> 15688303 | C22: =+'15E'!F$268 -> 17302357 | D22: =+B22+C22 -> 32990660
A23: ='15F'!$A$2 &'15F'!$B$2 -> 15F.GRANT EXCLUSIVE LINE ITEM | B23: =+'15F'!F$136 -> 26725021 | C23: =+'15F'!F$268 -> 12526207 | D23: =+B23+C23 -> 39251228
A24: ='15G'!$A$2 &'15G'!$B$2 -> 15G.GRANT EXCLUSIVE LINE ITEM | B24: =+'15G'!F$136 -> 24022719 | C24: =+'15G'!F$268 -> 22216463 | D24: =+B24+C24 -> 46239182
A25: ='15H'!$A$2 &'15H'!$B$2 -> 15H.GRANT EXCLUSIVE LINE ITEM | B25: =+'15H'!F$136 -> 21434453 | C25: =+'15H'!F$268 -> 14718133 | D25: =+B25+C25 -> 36152586
A26: ='15I'!$A$2 &'15I'!$B$2 -> 15I.GRANT EXCLUSIVE LINE ITEM | B26: =+'15I'!F$136 -> 8849434.5 | C26: =+'15I'!F$268 -> 10834556 | D26: =+B26+C26 -> 19683990
A27: ='15J'!$A$2 &'15J'!$B$2 -> 15J.GRANT EXCLUSIVE LINE ITEM | B27: =+'15J'!F$136 -> 24162821 | C27: =+'15J'!F$268 -> 11618459 | D27: =+B27+C27 -> 35781281
A28: ='15K'!$A$2 &'15K'!$B$2 -> 15K.GRANT EXCLUSIVE LINE ITEM | B28: =+'15K'!F$136 -> 17762201 | C28: =+'15K'!F$268 -> 3974873.6 | D28: =+B28+C28 -> 21737074
A29: 17. Indirect Costs | B29: =+'Indirect Costs '!D8 -> 0 | C29: =+'Indirect Costs '!D14 -> 0 | D29: =+B29+C29 -> 0
A31: State Request | B31: =SUBTOTAL(109,B4:B30) -> 0 | F31: =IF(SUBTOTAL(103,A4:A28)-SUBTOTAL(103,'Section A'!A9:A33)>-0.004,IF(SUBTOTAL(103,A4:A28)-SUBTOTAL(103,'Section A'!A9:A33)<0.004," ","inconsistent in number of budget categories compared to Section A"),"inconsistent in number of budget categories compared to Section A")
A32: Non-State Amount | C32: =SUBTOTAL(109,C4:C31) -> 0 | F32: =IF(SUBTOTAL(103,A4:A28)-SUBTOTAL(103,'Section B'!A12:A36)>-0.004,IF(SUBTOTAL(103,A5:A29)-SUBTOTAL(103,'Section B'!A12:A36)<0.004," ","inconsistent in number of budget categories compared to Section B"),"inconsistent in number of budget categories compared to Section B")
A33: TOTAL PROJECT COSTS | D33: =SUBTOTAL(109,D4:D29) -> 0
A34: =IF(B31-'Section A'!E38<0.004,IF(B31-'Section A'!E38>-0.004," ","State Total out of balance with Section A by "&B31-'Section A'!E38),"State Total out of balance with Section A by "&B31-'Section A'!E38)
A35: =IF(C32-'Section B'!C40<0.004,IF(C32-'Section B'!C40>-0.004," ","Non-State Total out of balance with Section B by "&C32-'Section B'!C40),"Non-State Total out of balance with Section B by "&C32-'Section B'!C40)
A36: =IF($D33-$B31-$C32<0.004,IF(D33-B31-C32>-0.004," ","out of balance by "&$D33-$B31-$C32),"out of balance by "&$D33-$B31-$C32)

Sheet Agency Approval
A1: Agency Approval | D1: STATE OF ILLINOIS UNIFORM GRANT BUDGET TEMPLATE | G1: AGENCY: Commerce & Economic Opportunity | J1: Grantees should not need to type anything on this sheet
A2: ="Organization Name: "&'Section A'!B2 -> Organization Name: | D2: ="CSFA Description: "&'Section A'!D3 -> CSFA Description: CDBG-CV Rural Shelter | G2: ="NOFO # "&'Section A'!F2 -> NOFO # 3432-2872
A3: ="CSFA # "&'Section A'!B3 -> CSFA # 420-75-3432 | D3: ="UEI #"&'Section A'!D2 -> UEI # | G3: ="Fiscal Year: "&'Section A'!F3 -> Fiscal Year: 2025
A4: Grant Number | B4: =+'Section A'!F4 -> 0
A9: Final Budget Amount Approved | D9: Program Approval Signature | F9: Date | G9: Fiscal & Administrative Approval Signature | I9: Date
A10: =+'Narrative Summary '!B31 -> 0 | J10: =IF(A10-'Section A'!E38>-0.004,IF(A10-'Section A'!E38<0.004," ","out of balance by "&A10-'Section A'!E38),"out of balance by "&A10-'Section A'!E38)
A16: Budget Revision Approved | D16: Program Approval Signature | F16: Date | G16: Fiscal & Administrative Approval Signature | I16: Date
A22: §200.308 Revision of budget and program plans
A24: (e) The Federal/State awarding agency may, at its option, restrict the transfer of funds among direct cost categories or programs, functions and activities for Federal/State awards in which the Federal/State share of the project exceeds the Simplified Acquisition Threshold and the cumulative amount of such transfers exceeds or is expected to exceed 10 percent or $1,000 per detail line item, whichever is greater of the total budget as last approved by the Federal/State awarding agency. The Federal/State awarding agency cannot permit a transfer that would cause any Federal/State appropriation to be used for purposes other than those consistent with the appropriation.
